 Dungeon Crawl Stone Soup version 0.31.0-4-g52a2dc7128 (webtiles) character file.

Game seed: 5996580078895750162

2273125 MacCMillion the Thanatomancer (level 27, 147/147 HPs)
             Began as a Felid Summoner on Jan 19, 2024.
             Was the Champion of Jiyva.
             Escaped with the Orb
             ... and 4 runes on Jan 21, 2024!
             The game lasted 11:00:26 (76424 turns).

MacCMillion the Thanatomancer (Felid Summoner)     Turns: 76424, Time: 11:00:26

Health: 147/147    AC:  6    Str: 23    XL:     27
Magic:  44/44      EV: 37    Int: 24    God:    Jiyva [******]
Gold:   5296       SH:  0    Dex: 17    Spells: 4/69 levels left
                                        Lives:  1   Deaths: 9

rFire   + + .        (weapon unavailable)
rCold   + + +        (shield unavailable)
rNeg    + . .        (body armour unavailable)
rPois   +            (helmet unavailable)
rElec   .            (cloak unavailable)
rCorr   +            (gloves unavailable)
SInv    +            (boots unavailable)
Will    +++++        u - amulet "Doghoth" {RegenMP Str+6}
Stlth   +            b - ring of Luem {rPois rF++ rC+ Str+3 Int-3}
HPRegen 2.04/turn    X - ring "Hogopp" {rN+ Will+}
MPRegen 1.49/turn

%: clarity
@: studying Evocations
A: very small, claws 1, fangs 3, see invisible, shaggy fur 3, stealthy paws, no
weapons or thrown items, no armour, multi-lived, antennae 1, clarity, cold
resistance 1, low MP 1, mutation resistance 2, passive freeze, strong 2, wild
magic 2, eyeballs 1, gelatinous body 3, engulf
0: Orb of Zot
}: 4/15 runes: decaying, serpentine, slimy, golden
a: Renounce Religion, Oozemancy, Slimify


You escaped.
You worshipped Jiyva.
Jiyva was exalted by your worship.
You visited 13 branches of the dungeon, and saw 58 of its levels.
You also visited: Trove and Volcano.

You collected 8266 gold pieces.
You spent 2970 gold pieces at shops.

Inventory:

Jewellery
 a - the ring of Xom's Best Wishes {Will++ AC+4 Str-5 Dex+3}
   (You found it on level 2 of the Swamp)

   [ring of protection]

   AC+4:      It affects your AC (+4).
   Str-5:     It affects your strength (-5).
   Dex+3:     It affects your dexterity (+3).
   Will++:    It greatly increases your willpower.
 b - the ring of Luem (left paw) {rPois rF++ rC+ Str+3 Int-3}
   (You acquired it on level 2 of the Realm of Zot)

   [ring of protection from cold]

   Str+3:     It affects your strength (+3).
   Int-3:     It affects your intelligence (-3).
   rF++:      It greatly protects you from fire.
   rC+:       It protects you from cold.
   rPois:     It protects you from poison
 d - a ring of protection from fire
 e - a ring of positive energy
 f - a +4 ring of slaying
 h - an amulet of regeneration
 j - a +6 ring of dexterity
 o - the ring of Rulesu Aqae {rC+ rN+ Int+4}
   (You found it on level 3 of the Crypt)

   [ring of positive energy]

   Int+4:     It affects your intelligence (+4).
   rC+:       It protects you from cold.
   rN+:       It protects you from negative energy.
 t - the ring "Duten" {Wiz *Slow rF++ rCorr}
   (You found it on level 3 of the Elven Halls)

   [ring of wizardry]

   Wiz:       It improves your spell success rate.
   rF++:      It greatly protects you from fire.
   rCorr:     It protects you from acid and corrosion.
   *Slow:     It may slow you when you take damage.
 u - the amulet "Doghoth" (around neck) {RegenMP Str+6}
   (You bought it in a shop on level 1 of the Elven Halls)

   [amulet of magic regeneration]

   RegenMP:   It increases your rate of magic regeneration.
   Str+6:     It affects your strength (+6).
 F - an amulet of the acrobat
 O - a ring of wizardry
 P - a +6 ring of intelligence
 T - the amulet "Tetug" {Regen+ Str+3}
   (You found it on level 5 of the Pits of Slime)

   [amulet of regeneration]

   Str+3:     It affects your strength (+3).
   Regen+:    It increases your rate of health regeneration.
 U - a +5 ring of evasion
 V - a ring of poison resistance
 W - a ring of protection from fire
 X - the ring "Hogopp" (right paw) {rN+ Will+}
   (You found it on level 3 of the Crypt)

   [ring of positive energy]

   rN+:       It protects you from negative energy.
   Will+:     It increases your willpower.
 Z - a +6 ring of strength
Wands
 v - a wand of polymorph (17)
 D - a wand of paralysis (29)
 E - a wand of digging (23)
 I - a wand of acid (37)
 M - a wand of mindburst (31)
Scrolls
 g - 3 scrolls of revelation
 i - 4 scrolls of torment
 p - 8 scrolls of teleportation
 y - 5 scrolls of fear
 z - 9 scrolls of fog
 A - 5 scrolls of poison
 C - 3 scrolls of vulnerability
 H - a scroll of amnesia
 Q - 4 scrolls of noise
 R - 3 scrolls of immolation
 S - 18 scrolls of identify
Potions
 c - 3 potions of cancellation
 l - 2 potions of haste
 m - 3 potions of resistance
 n - 10 potions of might
 q - 5 potions of attraction
 r - a potion of heal wounds
 w - 6 potions of mutation
 x - 2 potions of invisibility
 B - 8 potions of lignification
 J - 4 potions of enlightenment
 K - 14 potions of curing
 N - a potion of ambrosia
Miscellaneous
 k - a sack of spiders (inert)
 s - a condenser vane
 G - a lightning rod (2/4)
 L - a phial of floods
 Y - a phantom mirror


   Skills:
 - Level 16.0 Fighting
 - Level 22.0 Dodging
 - Level 2.6 Stealth
 - Level 21.5 Spellcasting
 - Level 10.0 Hexes
 - Level 26.0 Summonings
 + Level 26.9 Necromancy
 - Level 18.0 Translocations
 - Level 5.0 Fire Magic
 - Level 5.0 Air Magic
 - Level 12.0 Evocations


You had 4 spell levels left.
You knew the following spells:

 Your Spells              Type           Power      Damage    Failure   Level
a - Dispel Undead         Necr           100%       3d31      1%          4
b - Death's Door          Necr           64%        N/A       8%          9
c - Borgnjor's Vile Clut  Necr/Erth      49%        N/A       1%          5
d - Infestation           Necr           64%        N/A       1%          8
e - Summon Cactus Giant   Summ           63%        N/A       1%          6
f - Death Channel         Necr           64%        N/A       1%          6
g - Malign Gateway        Summ/Tloc      59%        N/A       1%          7
h - Haunt                 Necr/Summ      63%        N/A       1%          7
i - Anguish               Hex/Necr       55%        N/A       1%          4
j - Dispersal             Tloc           54%        N/A       1%          6
k - Swiftness             Air            68%        N/A       3%          3

Your spell library contained the following spells:

 Spells                   Type           Power      Damage    Failure   Level
 Apportation              Tloc           100%       N/A       1%          1
 Kiss of Death            Conj/Necr      100%       2d13      1%          1
 Necrotise                Necr           100%       1d9       1%          1
 Slow                     Hex            100%       N/A       1%          1
 Summon Small Mammal      Summ           100%       N/A       1%          1
 Call Imp                 Summ           100%       N/A       1%          2
 Cigotuvi's Dreadful Rot  Necr/Alch/Air  100%       N/A       1%          2
 Ensorcelled Hibernation  Hex/Ice        100%       N/A       1%          2
 Momentum Strike          Conj/Tloc      100%       3d10      1%          2
 Sublimation of Blood     Necr           100%       N/A       1%          2
 Call Canine Familiar     Summ           100%       N/A       1%          3
 Confusing Touch          Hex            87%        N/A       1%          3
 Fugue of the Fallen      Necr           100%       N/A       1%          3
 Gell's Gravitas          Tloc           100%       N/A       1%          3
 Inner Flame              Hex/Fire       78%        N/A       1%          3
 Sigil of Binding         Hex            87%        N/A       1%          3
 Teleport Other           Tloc           100%       N/A       1%          3
 Vampiric Draining        Necr           100%       2d13      1%          3
 Volatile Blastmotes      Fire/Tloc      100%       2d18      1%          3
 Animate Dead             Necr           100%       N/A       1%          4
 Cause Fear               Hex            43%        N/A       1%          4
 Manifold Assault         Tloc           100%       N/A       1%          4
 Martyr's Knell           Necr/Summ      100%       N/A       1%          4
 Passage of Golubria      Tloc           100%       N/A       1%          4
 Summon Blazeheart Golem  Fire/Summ      100%       N/A       1%          4
 Summon Lightning Spire   Summ/Air       100%       N/A       1%          4
 Vhi's Electric Charge    Tloc/Air       100%       N/A       1%          4
 Foxfire                  Conj/Fire      100%       2x1d9     2%          1
 Shock                    Conj/Air       100%       1d9       2%          1
 Iskenderun's Mystic Bla  Conj/Tloc      84%        2d17      2%          4
 Mercury Vapours          Alch/Air       100%       N/A       3%          2
 Magic Dart               Conj           100%       1d8       5%          1
 Sandblast                Erth           82%        2d17      5%          1
 Sting                    Conj/Alch      100%       1d9       5%          1
 Airstrike                Air            34%        2d(5-21)  6%          4
 Mephitic Cloud           Conj/Alch/Air  52%        N/A       8%          3
 Ozocubu's Armour         Ice            41%        N/A       12%         3
 Passwall                 Erth           41%        N/A       12%         3
 Stone Arrow              Conj/Erth      82%        3d12      12%         3
 Ignite Poison            Fire/Alch      57%        N/A       14%         4
 Sticky Flame             Fire/Alch      57%        2d10      14%         4
 Brom's Barrelling Bould  Conj/Erth      41%        2d6       30%         4
 Fulminant Prism          Conj/Alch      20%        3d12      30%         4
 Olgreb's Toxic Radiance  Alch           41%        N/A       30%         4
 Petrify                  Alch/Erth      41%        N/A       30%         4
 Curse of Agony           Necr           100%       N/A       1%          5
 Summon Mana Viper        Hex/Summ       100%       N/A       1%          5
 Summon Hydra             Summ           63%        N/A       1%          7
 Borgnjor's Revivificati  Necr           64%        N/A       1%          8
 Silence                  Hex/Air        39%        N/A       6%          5
 Dragon's Call            Summ           63%        N/A       10%         9
 Metabolic Englaciation   Hex/Ice        34%        N/A       14%         5
 Disjunction              Tloc           54%        N/A       16%         8
 Arcjolt                  Conj/Air       28%        1d38      30%         5
 Fireball                 Conj/Fire      28%        3d12      30%         5
 Freezing Cloud           Conj/Ice/Air   26%        6-21      38%         5
 Plasma Beam              Fire/Air       34%        2x1d47    50%         6
 Irradiate                Conj/Alch      20%        3d18      58%         5
 Lee's Rapid Deconstruct  Erth           20%        3d12*     58%         5
 Discord                  Hex            43%        N/A       95%         8
 Sculpt Simulacrum        Ice/Alch       20%        N/A       98%         6
 Ignition                 Fire           34%        3d10      100%        8
 Lehudib's Crystal Spear  Conj/Erth      20%        10d6      100%        8
 Animate Armour           Summ/Erth      Unusable   N/A       N/A         4
 Dimensional Bullseye     Hex/Tloc       Unusable   N/A       N/A         4

Dungeon Overview and Level Annotations

Branches:
Dungeon (15/15)            Temple (1/1) D:4            Lair (5/5) D:10
  Swamp (4/4) Lair:3        Snake (4/4) Lair:2        Slime (5/5) Lair:5
    Orc (2/2) D:10            Elf (3/3) Orc:2        Vaults (4/5) D:14
  Crypt (3/3) Vaults:3       Tomb (3/3) Crypt:3      Depths (4/4) D:15
    Zot (5/5) Depths:4    Volcano (visited)

Altars:
Ashenzari
Cheibriados
Dithmenos
Elyvilon
Fedhas
Gozag
Hepliaklqana
Kikubaaqudgha
Makhleb
Nemelex Xobeh
Okawaru
Qazlal
Ru
Sif Muna
Trog
Uskayaw
Vehumet
Wu Jian
Xom
Yredelemnul
Zin
The Shining One
Jiyva

Shops:
D:1 (*(=   D:4 *   D:6 (   Orc:2 (*((   Elf:1 =   Elf:2 *[:((   Elf:3 [
Snake:2 =:   Vaults:2 [   Vaults:3 (=[?!   Vaults:4 =   Depths:2 :

Portals:
Hell: Depths:1 Depths:2 Depths:3 Depths:4
Abyss: Depths:2 Depths:3 Depths:4
Pandemonium: Depths:2 Depths:4
Ziggurat: Depths:4

Annotations:
D:14 Roxanne
Slime:5 Royal Jelly
Zot:1 4 transporters


Innate Abilities, Weirdness & Mutations

You have sharp claws.
You have razor-sharp teeth.
You have supernaturally acute eyesight. (SInv)
Your thick and shaggy fur keeps you warm. (AC +3, rC+)
Your paws help you pounce on unaware monsters.
You are incapable of wielding weapons or throwing items.
You cannot wear armour.
You gain extra lives every three experience levels.
You have a pair of small antennae on your head.
You possess an exceptional clarity of mind.
Your flesh is cold resistant. (rC+)
Your magical capacity is low. (-10% MP)
You are somewhat resistant to both further mutation and mutation removal.
A frigid envelope surrounds you and freezes all who hurt you.
Your muscles are very strong. (Str +8, Int/Dex -2)
Your spells are harder to cast, but more powerful.
Your body has grown eyes which may confuse attackers. (Acc +3)
Your gelatinous body deflects attacks. (AC +3, EV +3)
Your melee attacks may engulf your foes in ooze.


Message History

Press: ? - help, Dir - move target, f/p - smoke demon
Aim: a smoke demon (steam, ally target)
You call forth a plague of scarabs!
The smoke demon is infested!
Your wraith is unaffected. x2; Your death scarab is unaffected.
The smoke demon hits your wraith.
The smoke demon barely misses your wraith.
The smoke demon hits your wraith.
Your wraith is engulfed in a cloud of scalding steam.
Your wraith hits the smoke demon but does no damage.
You swap places.
The smoke demon gestures at you. The ball of steam hits your wraith!
The ball of steam misses you.
Your wraith is engulfed in a cloud of scalding steam.
Your wraith barely misses the smoke demon.
You swap places.
The smoke demon gestures at you. The ball of steam misses you.
The ball of steam hits your wraith!
Your wraith is destroyed!
Your wraith disappears in a puff of smoke!
You scratch the smoke demon but do no damage.
The smoke demon completely misses you. x3
The eyeballs on your body gaze at the smoke demon.
Your phantasmal warrior hits the smoke demon!!
You barely miss the smoke demon. You bite the smoke demon.
The smoke demon is almost dead.
The smoke demon completely misses you. x3
Your phantasmal warrior hits the smoke demon!!
The smoke demon dies!
A death scarab bursts from the smoke demon!
Your lightning rod (2/4) has regained one charge.
You swap places.
You swap places.
You swap places.
Your wraith disappears in a puff of smoke!
Your phantasmal warrior disappears in a puff of smoke!
Your freezing wraith disappears in a puff of smoke!
Your death scarab crumbles into dust!
There is an open door here.
There is a staircase leading out of the dungeon here.
You have escaped!

#..........# #..# #..........#
#######.## #..........# #.......#
#..........###.#######
#.........B##..# #########'#...##
#...### #.### #####
#########.#####8@8###############
....#.....##....B....##..........
###.#.###.#8...9.....8#.#########
#.#.# #.#...8...8...#.#
#.#.###.#8.........8#.# #
#.#.##..##.........##.#
###.#.##.###.........##.#
....#.##.#######'######.#
#.....##..# #.######.#


You could see a toenail golem and a friendly death scarab.

Vanquished Creatures
  2 dread liches
  2 ancient liches (Zot:5)
  A juggernaut (Depths:3)
  29 royal mummies
  Jory (Crypt:3)
  A bone dragon (Crypt:3)
  Rupert (Lair:4)
  11 liches
  An Orb Guardian (Zot:5)
  6 death cobs
  8 ancient champions
  Frances (D:14)
  The ghost of xzight the Severer, an adept MiBe of Trog (Swamp:2)
  Kirke (D:14)
  A tengu reaver (Depths:3)
  An azure jelly (Slime:5)
  2 revenants
  An iron dragon (Depths:4)
  A draconian shifter (Zot:5)
  A frost giant (Depths:3)
  3 fire giants
  A vault warden (Vaults:1)
  2 curse skulls (Crypt:3)
  A draconian annihilator (Zot:1)
  A deep elf demonologist (Elf:3)
  8 vampire knights
  3 black draconians
  2 red draconians
  A yellow draconian (Zot:1)
  3 spark wasps
  A blizzard demon (Tomb:2)
  2 jiangshi (Crypt:3)
  9 mummy priests
  A fire dragon (Depths:4)
  An entropy weaver (Lair:4)
  A rakshasa (Depths:2)
  A vault guard (Vaults:1)
  A peacekeeper (Vaults:4)
  2 hydras
  2 spriggan air magi
  An ogre mage (D:15)
  An ironbound frostheart (Vaults:2)
  3 anacondas
  2 ghost crabs (Lair:4)
  4 two-headed ogres
  33 death scarabs
  2 death yaks (D:10)
  A naga warrior (Snake:1)
  2 deep troll shamans
  2 centaur warriors
  A shock serpent (Snake:3)
  2 vampire magi (Depths:3)
  A naga sharpshooter (Snake:4)
  A deep elf knight (Elf:2)
  2 shadow wraiths (Crypt:3)
  A fire crab (Lair:4)
  2 spectral anacondas (Snake:1)
  4 skeletal warriors
  A spriggan (Depths:4)
  A sixfirhy (D:1)
  A storm dragon skeleton (Tomb:2)
  A nameless horror (D:13)
  2 flayed ghosts
  An arcanist (Vaults:1)
  An iron troll (Depths:2)
  3 deep trolls
  A goliath frog (Swamp:3)
  A bog body (Swamp:1)
  An anaconda zombie (Snake:1)
  An ironbound convoker (Vaults:1)
  A phantasmal warrior (Depths:1)
  An ugly thing zombie (D:13)
  2 deep elf pyromancers
  A salamander (Snake:1)
  6 moths of wrath
  4 ugly things (D:15)
  A shock serpent zombie (Snake:1)
  A toenail golem (D:11)
  A manticore (D:11)
  A meliai (D:14)
  6 black mambas
  2 kobold blastminers (Orc:2)
  A guardian serpent (Lair:5)
  An unseen horror (D:11)
  A dire elephant skeleton (Tomb:3)
  3 cane toads
  An efreet (D:15)
  A sea snake zombie (Crypt:2)
  2 freezing wraiths (D:15)
  A yaktaur (Vaults:2)
  A komodo dragon (Lair:2)
  A queen bee (shapeshifter) (D:15)
  An anaconda simulacrum (Snake:1)
  25 guardian mummies
  4 trolls
  2 spectral guardian serpents (Snake:1)
  A hydra zombie (D:14)
  A hornet (Depths:4)
  A tyrant leech (Swamp:2)
  A harpy skeleton (Crypt:3)
  A fire dragon zombie (D:15)
  2 blink frogs
  2 dream sheep (Lair:4)
  A hydra skeleton (Crypt:3)
  A slime creature (Slime:4)
  11 yaks
  3 ushabtiu (Tomb:2)
  A spriggan (shapeshifter) (D:15)
  A culicivora (shapeshifter) (D:15)
  4 wraiths
  2 basilisks
  2 hogs (D:14)
  3 sea snake simulacra (Snake:1)
  A warg (shapeshifter) (D:15)
  A redback (Vaults:3)
  A vampire mosquito (D:15)
  A tengu zombie (D:13)
  3 nagas
  Edmund (D:6)
  2 hell hounds
  Duvessa (D:6)
  4 water moccasins (Lair:5)
  An entropy weaver zombie (Lair:4)
  A guardian serpent simulacrum (Snake:1)
  3 naga skeletons
  A laughing skull (Crypt:1)
  4 orc warriors
  An ettin simulacrum (Tomb:3)
  An elf zombie (D:14)
  An ogre (D:6)
  3 wolves (Lair:2)
  3 centaurs
  A kobold zombie (Orc:2)
  An earth elemental (Elf:1)
  4 wights
  2 killer bees (D:8)
  2 spriggan zombies
  2 spectral nagas (Snake:1)
  4 electric eels (D:13)
  A basilisk zombie (D:13)
  An orc wizard (Orc:1)
  A naga zombie (Snake:1)
  A boggart simulacrum (D:15)
  16 mummies
  An orc zombie (Orc:2)
  4 orcs
  A bat (D:3)
385 creatures vanquished.

Vanquished Creatures (collateral kills)
  Frederick (Crypt:1)
  A dread lich (Zot:5)
  6 orbs of fire
  An ancient lich (Zot:5)
  13 royal mummies
  Saint Roka (Vaults:4)
  5 Killer Klowns
  Bai Suzhen (Crypt:3)
  A curse toe (Zot:5)
  10 golden dragons
  Norris (Elf:1)
  the Enchantress (Depths:2)
  2 bone dragons
  2 doom hounds (Crypt:1)
  17 tentacled monstrosities
  8 electric golems
  A Hell Sentinel (D:13)
  3 liches
  3 deep elf blademasters
  Grunn (Crypt:1)
  A walking frostbound tome (Depths:3)
  Asterion (Depths:2)
  4 quicksilver dragons
  26 Orb Guardians
  Zenata (Vaults:2)
  2 deep elf master archers (Elf:3)
  3 titans (Depths:3)
  A walking divine tome (Depths:2)
  12 acid blobs
  10 sphinxes
  7 ancient champions
  An eldritch tentacle (Tomb:2)
  9 storm dragons
  3 thorn hunters (Swamp:4)
  A death cob (Zot:4)
  2 tengu reavers
  9 shadow dragons
  Donald (Snake:3)
  7 rockslimes
  3 revenants (Tomb:1)
  7 protean progenitors
  Aizul (Snake:1)
  4 nagarajas (Snake:4)
  10 azure jellies
  2 draconian monks
  11 fire giants
  14 frost giants
  3 draconian shifters
  3 iron dragons
  5 draconian scorchers
  3 draconian knights
  4 deep elf sorcerers (Elf:3)
  A balrug (Depths:2)
  5 vault wardens
  A ghost moth (Zot:3)
  2 orc warlords (Vaults:4)
  2 cacodemons
  A curse skull (Crypt:2)
  3 draconian stormcallers
  5 ghouls (Crypt:1)
  13 stone giants
  13 ironbound preservers
  5 spriggan defenders
  A formless jellyfish (Slime:2)
  12 quicksilver oozes
  7 caustic shrike skeletons (Crypt:3)
  7 draconian annihilators
  A juggernaut skeleton (Crypt:3)
  11 very ugly things
  6 ironbound thunderhulks
  4 bennus (Tomb:3)
  5 deep elf demonologists (Elf:3)
  5 green draconians
  4 vampire knights
  8 deep elf death magi
  4 eleionomae
  10 white draconians
  6 deep elf annihilators (Elf:3)
  3 dire elephants (Vaults:4)
  3 spark wasps
  4 war gargoyles
  6 purple draconians
  9 black draconians
  5 yellow draconians
  12 red draconians
  6 bunyips
  Azrael (D:14)
  An eidolon (Crypt:3)
  11 mummy priests
  A crystal guardian (Vaults:1)
  6 ettins
  16 fire dragons
  3 deep elf high priests
  Josephine (D:14)
  8 yaktaur captains
  10 hydras
  8 ice dragons
  7 entropy weavers
  4 great orbs of eyes
  5 jiangshi
  A peacekeeper (Vaults:1)
  5 rakshasas
  7 centaur warriors
  9 vault guards
  6 spriggan air magi
  2 spriggan skeletons (Crypt:3)
  9 anacondas
  3 death knights
  4 boulder beetles
  A bennu zombie (Crypt:1)
  3 ghost crabs
  9 ironbound frosthearts
  7 alligators
  21 naga warriors
  36 death scarabs
  2 satyrs (Zot:3)
  4 tengu warriors
  7 two-headed ogres
  4 deep troll shamans
  8 death yaks
  9 deep troll earth magi
  34 dancing weapons
  4 occultists
  4 orc high priests
  2 hell knights
  17 naga sharpshooters
  2 vampire magi
  7 shock serpents
  3 sun demons
  Sonja (D:10)
  2 salamander mystics
  5 fire crabs (Lair:4)
  9 deep elf knights
  2 shadow wraiths (Crypt:2)
  4 spriggan berserkers
  A storm dragon skeleton (Crypt:3)
  3 skysharks (Elf:1)
  A sixfirhy (Zot:2)
  40 skeletal warriors
  A fire crab (shapeshifter) (D:15)
  2 golden dragon zombies
  3 iron trolls
  3 spriggan druids
  11 swamp dragons
  A spriggan rider (Depths:4)
  A titan skeleton (Crypt:3)
  A sea snake (shapeshifter) (D:15)
  4 flayed ghosts
  A sun moth (shapeshifter) (Depths:4)
  2 cherubim (Elf:1)
  27 deep trolls
  5 goliath frogs
  7 mana vipers
  2 naga ritualists
  5 deep elf archers
  13 ironbound convokers
  2 bog bodies
  5 arcanists
  A shadow demon (Zot:2)
  A jorogumo zombie (Crypt:1)
  9 orc knights
  16 deep elf pyromancers
  23 deep elf zephyrmancers
  2 lindwurms (Vaults:3)
  An oklob plant (Orc:2)
  6 phantasmal warriors
  3 orc sorcerers
  An ugly thing zombie (D:15)
  2 human zombies (Vaults:3)
  2 necromancers
  An iron dragon zombie (Crypt:2)
  4 manticores
  A broodmother zombie (Crypt:1)
  8 shining eyes
  2 wolf spiders
  10 salamanders
  7 cyclopes
  14 moths of wrath
  26 ugly things
  10 will-o-the-wisps
  A dire elephant zombie (Tomb:2)
  A kobold blastminer (Orc:2)
  14 vault sentinels
  An apocalypse crab (Lair:4)
  4 smoke demons
  12 naga magi
  A water nymph (shapeshifter) (D:15)
  43 black mambas
  9 guardian serpents
  A spectral sea snake (Snake:1)
  3 water nymphs (Zot:4)
  A yaktaur zombie (Vaults:3)
  An eye of devastation (Slime:5)
  A white draconian zombie (Crypt:3)
  11 cane toads
  3 centaur skeletons
  2 orange demons
  2 unseen horrors (D:12)
  An efreet (D:15)
  A rime drake (Swamp:4)
  4 torpor snails
  3 freezing wraiths
  An unseen horror zombie (D:12)
  A tormentor (D:9)
  A kobold demonologist (D:13)
  3 komodo dragons
  13 yaktaurs
  25 guardian mummies
  2 alligator snapping turtle skeletons (Crypt:3)
  A bloated husk (Swamp:1)
  A catoblepas skeleton (Crypt:3)
  2 harpy zombies (Tomb:1)
  3 tengu conjurers
  5 trolls
  A hydra zombie (Swamp:4)
  A polar bear (Lair:5)
  A polar bear (shapeshifter) (D:15)
  8 hornets
  6 nameless horrors
  2 glass eyes
  3 harpy skeletons
  9 dream sheep (Lair:4)
  7 tyrant leeches
  A tarantella (shapeshifter) (Depths:4)
  13 blink frogs
  An ice dragon zombie (Crypt:1)
  A culicivora (shapeshifter) (D:15)
  2 air elementals
  A black mamba zombie (Snake:1)
  41 slime creatures
  A guardian serpent skeleton (Crypt:1)
  2 vampires
  30 yaks
  2 shadows (D:10)
  7 wraiths
  14 spriggans
  An ettin skeleton (Crypt:3)
  7 water elementals
  5 fire bats (Volcano)
  9 wyverns (Lair:5)
  2 ynoxinuls
  6 ushabtiu
  An elf zombie (D:15)
  5 basilisks
  5 fire elementals
  3 golden eyes
  5 wargs
  A black mamba skeleton (Crypt:3)
  5 hogs (D:14)
  11 redbacks
  3 steam dragons
  6 vampire mosquitoes
  A two-headed ogre zombie (D:15)
  An acid dragon (D:10)
  17 swamp worms
  46 nagas
  20 water moccasins
  2 hell hounds (D:14)
  3 naga skeletons
  9 swamp drakes
  A guardian serpent simulacrum (Snake:1)
  An ice beast (D:6)
  4 black bears
  34 orc warriors
  2 sky beasts
  A lindwurm zombie (Crypt:2)
  10 laughing skulls
  A hog zombie (D:14)
  10 ogres
  8 wolves
  4 boggarts (Vaults:1)
  17 centaurs
  A blink frog skeleton (Crypt:2)
  3 kobold brigands
  Blork the orc (D:6)
  9 bullfrogs
  3 necrophages (Crypt:1)
  2 gnoll sergeants
  2 earth elementals
  4 scorpions
  2 naga simulacra (Snake:1)
  Dowan (D:6)
  17 wights
  A shapeshifter zombie (Crypt:3)
  2 tengu zombies
  5 spectral nagas (Snake:1)
  3 killer bees (D:8)
  A troll zombie (Crypt:1)
  A polar bear skeleton (Crypt:2)
  A troll skeleton (Crypt:1)
  3 howler monkeys (D:11)
  4 lava snakes (Volcano)
  A bombardier beetle (D:4)
  2 jellies
  6 hounds
  2 centaur zombies (Orc:2)
  12 orc priests
  A gnoll bouda (D:8)
  A hell rat (Lair:1)
  A sleepcap (D:5)
  24 orc wizards
  A boggart skeleton (Crypt:3)
  An ice beast zombie (Crypt:3)
  A naga zombie (Crypt:2)
  32 mummies
  Robin (D:2)
  A howler monkey zombie (Crypt:1)
  17 gnolls
  4 adders
  A steam dragon zombie (Crypt:2)
  A swamp drake skeleton (Crypt:2)
  A shadow imp (D:8)
  2 white imps (D:5)
  3 ribbon worms
  4 dart slugs
  70 orcs
  6 ball pythons
  3 bats
  5 endoplasms
  4 giant cockroaches
  11 goblins
  7 hobgoblins
  6 jackals
  25 kobolds
  2 quokkas
  A frilled lizard (D:3)
  6 orc zombies
  3 rats
  2 spectral weapons
2002 creatures vanquished.

Vanquished Creatures (others)
  The ghost of dolemite99 the Warrior, a veteran DrFE of Okawaru (Vaults:1)
  the Lernaean hydra (Swamp:4)
  Vashnia (Snake:4)
  A bone dragon (Depths:4)
  A doom hound (Crypt:1)
  An Orb Guardian (Zot:5)
  A sphinx (Vaults:1)
  13 acid blobs
  15 eldritch tentacles
  A tengu reaver (Depths:3)
  4 azure jellies
  5 rockslimes
  6 draconian knights
  A frost giant (Depths:3)
  2 draconian monks
  A vault warden (Vaults:4)
  4 fire giants (Depths:3)
  A draconian scorcher (Depths:4)
  A ghoul (Crypt:1)
  An ironbound preserver (Vaults:4)
  An ironbound thunderhulk (Vaults:3)
  5 quicksilver oozes
  8 formless jellyfish
  3 very ugly things
  4 black draconians
  4 green draconians
  3 red draconians
  A purple draconian (Zot:3)
  A white draconian (Zot:1)
  An acid blob zombie (Slime:5)
  3 spark wasps (Depths:1)
  2 fire dragons
  2 entropy weavers
  A jiangshi (Depths:4)
  2 yaktaur captains
  2 ettins
  3 vault guards
  4 hydras
  5 great orbs of eyes
  An ironbound frostheart (Vaults:1)
  A peacekeeper (Vaults:1)
  An ogre mage (Volcano)
  2 centaur warriors (Vaults:2)
  A naga warrior (Snake:3)
  A deep troll shaman (Depths:2)
  13 death scarabs (Tomb:3)
  A naga sharpshooter (Snake:4)
  A shock serpent (Snake:3)
  A deep elf knight (Elf:2)
  2 deep troll earth magi
  2 quicksilver ooze zombies
  A skyshark (shapeshifter) (Vaults:1)
  An iron troll (Depths:4)
  3 glowing orange brains
  A sea snake (Vaults:4)
  A mana viper (Snake:3)
  8 deep trolls
  A flayed ghost (Crypt:2)
  6 ugly thing zombies
  3 ironbound convokers
  An orc knight (Vaults:4)
  A deep elf pyromancer (Elf:3)
  2 alligator zombies (Swamp:4)
  A harpy (shapeshifter) (D:14)
  A fire giant zombie (Vaults:3)
  An eleionoma zombie (Swamp:1)
  A moth of wrath (Zot:4)
  A black mamba (Snake:3)
  3 vault sentinels (Vaults:4)
  A water nymph (shapeshifter) (Depths:3)
  A formless jellyfish zombie (Slime:1)
  A torpor snail (shapeshifter) (D:15)
  2 yaktaur zombies
  A mana viper zombie (Snake:4)
  4 yaktaurs (Vaults:2)
  2 rime drakes (Swamp:4)
  3 swamp worm zombies
  A hydra zombie (Swamp:4)
  A sea snake zombie (D:15)
  A guardian mummy (Tomb:3)
  A bloated husk (Swamp:1)
  A harpy zombie (D:14)
  4 glass eyes (Depths:3)
  3 tyrant leeches
  60 slime creatures
  15 black mamba zombies
  A spriggan (Depths:2)
  4 guardian serpent zombies
  A water elemental (D:13)
  7 slime creature zombies
  An elf zombie (Vaults:3)
  A tyrant leech zombie (Swamp:1)
  A basilisk (D:13)
  3 vampire mosquitoes (D:13)
  2 two-headed ogre zombies (D:15)
  A deep troll zombie (Vaults:1)
  11 naga zombies
  A cane toad zombie (Lair:5)
  A swamp drake (Swamp:4)
  2 manticore zombies
  An orc warrior (Orc:2)
  A hornet zombie (Swamp:1)
  A laughing skull (Crypt:1)
  2 hog zombies (D:14)
  2 swamp dragon zombies
  4 boggarts (Vaults:3)
  2 centaurs (D:15)
  2 cyclops zombies
  4 salamander zombies
  A hell hound zombie (D:14)
  2 wyvern zombies (Lair:5)
  2 warg zombies
  2 water moccasin zombies (Lair:5)
  A troll zombie (D:13)
  A polar bear zombie (D:15)
  A queen bee zombie (D:15)
  5 spriggan zombies
  An electric eel (D:13)
  A basilisk zombie (D:13)
  246 jellies
  A kobold zombie (D:13)
  7 centaur zombies
  An orc wizard (D:7)
  2 ogre zombies (D:15)
  2 orcs
  3 goblins (D:13)
  A hobgoblin (D:13)
  2 kobolds (D:13)
  19 orc zombies
  44 blazeheart cores
  44 foxfires
728 creatures vanquished.

Grand Total: 3115 creatures vanquished

Notes
Turn   | Place    | Note
-------+----------+-------------------------------------------
     0 | D:1      | MacCMillion the Felid Summoner began the quest for the Orb.
     0 | D:1      | Reached XP level 1. HP: 9/9 MP: 4/4
   572 | D:1      | Reached XP level 2. HP: 13/13 MP: 3/6
   637 | D:1      | Found Ycliff's Jewellery Shoppe.
   650 | D:1      | Found Mock's Weapon Shoppe.
   654 | D:1      | Found Deguti's General Store.
   880 | D:1      | Bought a scroll of identify for 22 gold pieces
  1440 | D:1      | Found Fyd Xos's Antique Weapon Boutique.
  1671 | D:2      | Reached XP level 3. HP: 13/16 MP: 6/8
  1724 | D:1      | Learned a level 3 spell: Call Canine Familiar
  1773 | D:2      | Found a burning altar of Makhleb.
  2161 | D:2      | Noticed Robin
  2174 | D:2      | Killed Robin
  2179 | D:2      | Reached XP level 4. HP: 21/21 MP: 4/9
  2179 | D:2      | Gained a life (2 lives remaining)
  2184 | D:2      | Learned a level 4 spell: Summon Blazeheart Golem
  2889 | D:3      | Noticed an ogre
  3421 | D:3      | Killed an ogre
  3422 | D:3      | Reached skill level 5 in Summonings
  3422 | D:3      | Reached skill level 1 in Fire Magic
  3422 | D:3      | Reached XP level 5. HP: 24/24 MP: 6/11
  4084 | D:4      | Found Cieluod's General Store.
  4105 | D:4      | Bought a scroll of identify for 20 gold pieces
  4493 | D:4      | Found a staircase to the Ecumenical Temple.
  4503 | Temple   | Entered the Ecumenical Temple
  4551 | D:5      | Entered Level 5 of the Dungeon
  4657 | D:5      | Gained mutation: You are covered in thick fur. (AC +2)
                  | [Felid growth]
  4657 | D:5      | Reached XP level 6. HP: 28/28 MP: 13/13
  5162 | D:5      | Reached XP level 7. HP: 28/32 MP: 12/14
  5379 | D:5      | Learned a level 4 spell: Summon Lightning Spire
  5561 | D:5      | Found a snail-covered altar of Cheibriados.
  5930 | D:5      | Reached skill level 1 in Air Magic
  6301 | D:5      | Found a snail-covered altar of Cheibriados.
  6399 | D:6      | Noticed Blork the orc
  6399 | D:6      | Found Fodytzop's Weapon Emporium.
  6506 | D:5      | Reached skill level 5 in Spellcasting
  6695 | D:5      | Reached skill level 1 in Fighting
  7010 | D:6      | Killed Blork the orc
  7085 | D:6      | Noticed Dowan
  7143 | D:6      | Reached XP level 8. HP: 38/38 MP: 11/16
  7249 | D:6      | Noticed Edmund
  7268 | D:6      | Killed Edmund
  7382 | D:6      | Noticed a troll
  7472 | D:6      | Noticed Duvessa
  7500 | D:6      | Killed a troll
  7500 | D:6      | Killed Duvessa
  7676 | D:6      | Killed Dowan
  7772 | D:6      | Reached XP level 9. HP: 44/44 MP: 15/19
  8120 | D:7      | Reached skill level 5 in Fire Magic
  8785 | D:7      | Found a glowing silver altar of Zin.
  9073 | D:8      | Reached skill level 5 in Fighting
  9763 | D:8      | Reached skill level 5 in Air Magic
  9879 | D:8      | Reached XP level 10. HP: 52/52 MP: 18/21
 10723 | D:9      | Found a glowing golden altar of the Shining One.
 10723 | D:9      | Found an opulent altar of Gozag.
 10728 | D:9      | Found a sparkling altar of Nemelex Xobeh.
 10730 | D:9      | Found an ancient bone altar of Kikubaaqudgha.
 10733 | D:9      | Found a basalt altar of Yredelemnul.
 10737 | D:9      | Became a worshipper of Kikubaaqudgha
 10916 | D:7      | Slain by a yak
 10916 | D:7      | Lost a life (1 life remaining)
 11295 | D:9      | Reached skill level 1 in Necromancy
 11994 | D:10     | Entered Level 10 of the Dungeon
 12034 | D:10     | Noticed Sonja
 12529 | D:10     | Reached * piety under Kikubaaqudgha
 12529 | D:10     | Received a gift from Kikubaaqudgha
 12687 | D:10     | Noticed a death yak
 12718 | D:10     | Killed a death yak
 12804 | D:10     | Killed Sonja
 13047 | D:10     | Reached XP level 11. HP: 58/58 MP: 21/24
 13047 | D:10     | Gained a life (2 lives remaining)
 13062 | D:10     | Found a shimmering altar of Xom.
 13172 | D:10     | Noticed a death yak
 13174 | D:10     | Noticed a death yak
 13176 | D:10     | Noticed a death yak
 13178 | D:10     | Noticed a death yak
 13179 | D:10     | Killed a death yak
 13407 | D:10     | Killed a death yak
 13408 | D:10     | Reached skill level 10 in Summonings
 13417 | D:10     | Killed a death yak
 13423 | D:10     | Killed a death yak
 13603 | D:10     | Reached ** piety under Kikubaaqudgha
 13680 | D:10     | Found a staircase to the Lair.
 14400 | D:10     | Found a staircase to the Orcish Mines.
 14675 | D:11     | Reached skill level 5 in Necromancy
 16117 | D:11     | Found a portal to a secret trove of treasure.
 16256 | Lair:1   | Entered Level 1 of the Lair of Beasts
 16274 | Lair:1   | Reached skill level 1 in Evocations
 16282 | Lair:1   | HP: 3/60 [bullfrog (4)]
 16282 | Lair:1   | Mangled by a hell rat
 16282 | Lair:1   | Lost a life (1 life remaining)
 16524 | Lair:1   | Found a burning altar of Makhleb.
 16824 | Lair:1   | Reached *** piety under Kikubaaqudgha
 16824 | Lair:1   | Received a gift from Kikubaaqudgha
 16909 | Lair:1   | Learned a level 4 spell: Martyr's Knell
 16916 | Lair:1   | Learned a level 6 spell: Death Channel
 16971 | Lair:1   | Gained mutation: Your thick and shaggy fur keeps you warm.
                  | (AC +3, rC+) [Felid growth]
 16971 | Lair:1   | Reached XP level 12. HP: 39/65 MP: 11/26
 16971 | Lair:1   | Gained a life (2 lives remaining)
 17745 | Lair:2   | Reached skill level 5 in Dodging
 18913 | Lair:2   | Reached **** piety under Kikubaaqudgha
 19102 | Lair:2   | Reached skill level 10 in Spellcasting
 19148 | Lair:2   | Found a staircase to the Snake Pit.
 19883 | Lair:3   | Identified a scroll of acquirement
 19899 | Lair:3   | Found a dark tunnel.
 20175 | D:1      | Bought a ring of fire for 275 gold pieces
 20454 | Volcano  | Entered a volcano
 20579 | Volcano  | Reached skill level 5 in Evocations
 20619 | Volcano  | Noticed a two-headed ogre
 20626 | Volcano  | Killed a two-headed ogre
 20738 | Volcano  | Noticed a two-headed ogre
 20744 | Volcano  | Found a burning altar of Makhleb.
 20744 | Volcano  | Noticed a two-headed ogre
 20744 | Volcano  | Noticed an ogre mage
 20745 | Volcano  | Noticed a two-headed ogre
 20746 | Volcano  | Killed a two-headed ogre
 20749 | Volcano  | Noticed a two-headed ogre
 20750 | Volcano  | Killed a two-headed ogre
 20753 | Volcano  | Killed an ogre mage
 20754 | Volcano  | Reached skill level 10 in Fighting
 20769 | Volcano  | HP: 2/67 [hell knight/+1 great mace of flaming (11)]
 20769 | Volcano  | Slain by a hell knight
 20769 | Volcano  | Lost a life (1 life remaining)
 20796 | Volcano  | Killed a two-headed ogre
 20839 | Lair:3   | Demolished by a hell knight
 20839 | Lair:3   | Lost a life (0 lives remaining)
 20840 | Lair:3   | Upgraded the game from 0.31.0 to 0.31.0-1-g2c135a008e
 20938 | Lair:3   | Reached XP level 13. HP: 18/72 MP: 0/28
 20938 | Lair:3   | Gained a life (1 life remaining)
 22593 | Lair:3   | Found a staircase to the Swamp.
 23248 | Lair:4   | Reached ***** piety under Kikubaaqudgha
 23544 | Lair:4   | Noticed Rupert
 23563 | Lair:4   | Slain by Rupert
 23563 | Lair:4   | Lost a life (0 lives remaining)
 23563 | Lair:4   | Killed Rupert
 23736 | Lair:4   | Found a hide-covered altar of Uskayaw.
 23736 | Lair:4   | Found an ornate altar of the Wu Jian Council.
 23837 | Lair:4   | Found a runed translucent door.
 25029 | Lair:5   | Entered Level 5 of the Lair of Beasts
 25143 | Lair:5   | Learned a level 4 spell: Animate Dead
 25277 | Lair:5   | Reached skill level 10 in Dodging
 25503 | Lair:5   | Identified the +1 battleaxe "Zusy" {freeze, rElec Int+4}
 25698 | Lair:5   | Reached XP level 14. HP: 79/79 MP: 21/30
 25720 | Lair:5   | Reached skill level 10 in Necromancy
 26189 | Lair:5   | Found a staircase to the Slime Pits.
 27411 | Orc:1    | Entered Level 1 of the Orcish Mines
 27711 | Orc:2    | Entered Level 2 of the Orcish Mines
 27817 | Orc:1    | Reached ****** piety under Kikubaaqudgha
 28457 | Lair:5   | Received a gift from Kikubaaqudgha (forbidden knowledge)
 28466 | Lair:5   | Learned a level 7 spell: Haunt
 28470 | Slime:1  | Entered Level 1 of the Pits of Slime
 28474 | Slime:1  | Noticed an azure jelly
 28474 | Slime:1  | Noticed a quicksilver ooze
 28475 | Slime:1  | Noticed an acid blob
 28475 | Slime:1  | Noticed a rockslime
 28477 | Slime:1  | Noticed a quicksilver ooze
 28477 | Slime:1  | Noticed a quicksilver ooze
 28479 | Slime:1  | Noticed an azure jelly
 28480 | Slime:1  | Noticed an acid blob
 28482 | Slime:1  | Noticed an azure jelly
 28482 | Slime:1  | Noticed an acid blob
 28483 | Slime:1  | Noticed a quicksilver ooze
 28483 | Slime:1  | Killed a quicksilver ooze
 28485 | Slime:1  | Noticed an acid blob
 28485 | Slime:1  | Killed an azure jelly
 28486 | Slime:1  | Noticed an azure jelly
 28486 | Slime:1  | Killed an acid blob
 28487 | Slime:1  | Killed a rockslime
 28487 | Slime:1  | Noticed an acid blob
 28488 | Slime:1  | Killed an acid blob
 28490 | Slime:1  | Noticed a quicksilver ooze
 28490 | Slime:1  | Killed an acid blob
 28491 | Slime:1  | Killed an azure jelly
 28491 | Slime:1  | Killed an azure jelly
 28491 | Slime:1  | Killed a quicksilver ooze
 28492 | Slime:1  | Noticed a rockslime
 28492 | Slime:1  | Killed a quicksilver ooze
 28492 | Slime:1  | Killed a quicksilver ooze
 28493 | Slime:1  | Killed an acid blob
 28494 | Slime:1  | Killed an azure jelly
 28497 | Slime:1  | Killed a rockslime
 28498 | Slime:1  | Reached XP level 15. HP: 62/83 MP: 3/33
 28716 | Slime:2  | Noticed an acid blob
 28717 | Slime:2  | Noticed a rockslime
 28719 | Slime:2  | Noticed an azure jelly
 28898 | Slime:3  | Noticed an acid blob
 28898 | Slime:3  | Noticed an acid blob
 28902 | Slime:3  | Noticed an acid blob
 28906 | Slime:3  | Killed an acid blob
 28907 | Slime:3  | Killed an acid blob
 28908 | Slime:3  | Killed an acid blob
 28910 | Slime:3  | Noticed an acid blob
 28913 | Slime:3  | Killed an acid blob
 29064 | Slime:4  | Noticed an azure jelly
 29078 | Slime:4  | Killed an azure jelly
 29086 | Slime:4  | Noticed a rockslime
 29096 | Slime:4  | Killed a rockslime
 29428 | Slime:5  | Entered Level 5 of the Pits of Slime
 29435 | Slime:5  | Noticed a rockslime
 29444 | Slime:5  | Noticed an acid blob
 29451 | Slime:5  | Killed an acid blob
 29454 | Slime:5  | Noticed a rockslime
 29457 | Slime:5  | Killed a rockslime
 29463 | Slime:5  | Reached skill level 15 in Necromancy
 29463 | Slime:5  | Noticed the Royal Jelly
 29464 | Slime:5  | Noticed an azure jelly
 29465 | Slime:5  | Noticed a rockslime
 29466 | Slime:5  | Gained mutation: You are clumsy. (Dex -2) [a shining eye]
 29468 | Slime:5  | Noticed a rockslime
 29468 | Slime:5  | Killed an azure jelly
 29469 | Slime:5  | Noticed an azure jelly
 29640 | Slime:5  | Noticed a rockslime
 29649 | Slime:5  | Killed a rockslime
 29653 | Slime:5  | Noticed an acid blob
 29661 | Slime:5  | Killed an acid blob
 29679 | Slime:5  | Found a viscous altar of Jiyva.
 29679 | Slime:5  | Noticed an acid blob
 29681 | Slime:5  | Found the +5 scythe "Finisher" {speed, execute}
 29693 | Slime:5  | Killed an acid blob
 29695 | Slime:5  | Noticed an acid blob
 29698 | Slime:5  | Found the +3 Elemental Staff {ele, rElec rF+ rC+ AC+3}
 29701 | Slime:5  | Fell from the grace of Kikubaaqudgha
 29701 | Slime:5  | Became a worshipper of Jiyva Jylo the Shapeless
 30255 | Orc:2    | Found a staircase to the Elven Halls.
 30761 | D:12     | Reached * piety under Jiyva
 31152 | D:12     | Reached ** piety under Jiyva
 31442 | D:12     | Learned a level 4 spell: Dispel Undead
 31823 | D:13     | Reached *** piety under Jiyva
 32029 | D:13     | Gained mutation: You have a pair of small horns on your
                  | head. [Jiyva's grace]
 32029 | D:13     | Gained mutation: You have a pair of horns on your head.
                  | [Jiyva's grace]
 32029 | D:13     | Gained mutation: You have a pair of large horns on your
                  | head. [Jiyva's grace]
 32029 | D:13     | Gained mutation: Your flesh is heat resistant. (rF+)
                  | [Jiyva's grace]
 32467 | D:13     | Found a bloodstained altar of Trog.
 32788 | D:13     | Learned a level 5 spell: Borgnjor's Vile Clutch
 33027 | D:14     | Reached XP level 16. HP: 76/87 MP: 28/35
 33027 | D:14     | Gained a life (1 life remaining)
 33041 | D:14     | Noticed Frances
 33061 | D:14     | Killed Frances
 33142 | D:14     | Noticed Kirke
 33154 | D:14     | Killed Kirke
 33193 | D:14     | Noticed Roxanne
 33238 | D:14     | Noticed Azrael
 33367 | D:14     | Noticed Josephine
 33369 | D:14     | Killed Josephine
 33641 | D:14     | Found a gate to the Vaults.
 33641 | D:14     | Reached **** piety under Jiyva
 33755 | D:14     | Killed Azrael
 33820 | D:14     | Found an opulent altar of Gozag.
 34278 | D:15     | Entered Level 15 of the Dungeon
 34698 | D:15     | Found a broken altar of Ashenzari.
 34897 | D:15     | Reached ***** piety under Jiyva
 35041 | D:15     | Lost mutation: You are clumsy. (Dex -2) [Jiyva's grace]
 35041 | D:15     | Gained mutation: You are agile. (Dex +4, Str/Int -1)
                  | [Jiyva's grace]
 35041 | D:15     | Gained mutation: You are very agile. (Dex +8, Str/Int -2)
                  | [Jiyva's grace]
 35041 | D:15     | Gained mutation: You are covered in slimy tendrils that may
                  | disarm your opponents. [Jiyva's grace]
 35143 | D:15     | Identified the amulet "Epeenuut" {Reflect Will+ SH+5}
 35314 | D:15     | Found a staircase to the Depths.
 35498 | D:15     | Learned a level 8 spell: Infestation
 36038 | Orc:2    | Reached XP level 17. HP: 73/73 MP: 22/36
 36069 | Orc:2    | Found Izeonon's General Store.
 36069 | Orc:2    | Found Qejowkes's Weapon Shoppe.
 36071 | Orc:2    | Found Zajenuly's Antique Weapon Emporium.
 36073 | Orc:2    | Found Needowke's Weapon Boutique.
 36254 | Orc:2    | Bought a scroll of fear for 52 gold pieces
 37465 | Lair:4   | Reached skill level 15 in Spellcasting
 37675 | Lair:4   | Identified the +1 cloak of the Morning {rPois rN+}
 37681 | Lair:4   | Identified the staff of Day {rElec Int+5 Air}
 38026 | D:4      | Bought a ring of poison resistance for 200 gold pieces
 38224 | Snake:1  | Entered Level 1 of the Snake Pit
 38614 | Snake:1  | Was forgiven by Kikubaaqudgha
 38617 | Snake:1  | Lost mutation: You have a pair of large horns on your head.
                  | [Jiyva's grace]
 38617 | Snake:1  | Lost mutation: You are very agile. (Dex +8, Str/Int -2)
                  | [Jiyva's grace]
 38617 | Snake:1  | Gained mutation: You have a small jelly attached to you
                  | that may absorb projectiles. [Jiyva's grace]
 38617 | Snake:1  | Gained mutation: Your muscles are strong. (Str +4, Int/Dex
                  | -1) [Jiyva's grace]
 38617 | Snake:1  | Gained mutation: Your muscles are very strong. (Str +8,
                  | Int/Dex -2) [Jiyva's grace]
 38617 | Snake:1  | Gained mutation: Your translucent skin slightly reduces
                  | your foes' accuracy. (Stealth+) [Jiyva's grace]
 38818 | Snake:1  | Reached ****** piety under Jiyva
 39109 | Snake:1  | Identified the serpent talisman of Dice, Bag, and Bottle
                  | {rC+ Dex+2}
 39109 | Snake:1  | Noticed Aizul
 39119 | Snake:1  | Killed Aizul
 40078 | Slime:5  | Got Qainia's Information on the Pyre and the Graveyard
 40122 | Slime:5  | Identified the amulet "Tetug" {Regen+ Str+3}
 40143 | Slime:5  | Got Yzxafuc's Spellbook of Adjuration
 40164 | Slime:5  | Got a slimy rune of Zot
 40165 | Slime:5  | Identified the +1 giant club "Podweste" {heavy, Str+4 Dex+3
                  | Stlth+}
 40181 | Slime:5  | Noticed an acid blob
 40422 | D:11     | You showed the slimy rune of Zot to enter a treasure trove
 40423 | Trove    | Entered a treasure trove
 40994 | Snake:2  | Lost mutation: You have a pair of horns on your head.
                  | [Jiyva's grace]
 40994 | Snake:2  | Lost mutation: Your muscles are very strong. (Str +8,
                  | Int/Dex -2) [Jiyva's grace]
 40994 | Snake:2  | Lost mutation: Your muscles are strong. (Str +4, Int/Dex
                  | -1) [Jiyva's grace]
 40994 | Snake:2  | Lost mutation: You are covered in slimy tendrils that may
                  | disarm your opponents. [Jiyva's grace]
 40994 | Snake:2  | Gained mutation: You have a pair of horns on your head.
                  | [Jiyva's grace]
 40994 | Snake:2  | Gained mutation: You have a pair of large horns on your
                  | head. [Jiyva's grace]
 40994 | Snake:2  | Gained mutation: Your rubbery body absorbs attacks. (AC +1,
                  | EV +1) [Jiyva's grace]
 40994 | Snake:2  | Gained mutation: Your pliable body absorbs attacks. (AC +2,
                  | EV +2) [Jiyva's grace]
 41038 | Snake:2  | Found Ficugeh's Book Emporium.
 41038 | Snake:2  | Found Iwky's Jewellery Shop.
 41039 | Snake:2  | Found Ziumecin's Jewellery Shop.
 41133 | Snake:2  | Learned a level 4 spell: Anguish
 41441 | Snake:3  | Noticed Donald
 41457 | Snake:3  | Killed Donald
 41618 | Snake:3  | Found a runed translucent gate.
 41618 | Snake:3  | Found a runed translucent gate.
 41620 | Snake:3  | Found a runed translucent gate.
 41965 | Snake:3  | Reached XP level 18. HP: 93/96 MP: 34/38
 42108 | Snake:4  | Entered Level 4 of the Snake Pit
 42228 | Snake:4  | Noticed Vashnia
 42247 | Snake:4  | Killed Vashnia
 42348 | Snake:4  | Acquired 1053 gold pieces
 42738 | Snake:4  | Got a serpentine rune of Zot
 43011 | Snake:4  | Upgraded the game from 0.31.0-1-g2c135a008e to
                  | 0.31.0-4-g52a2dc7128
 43188 | Swamp:1  | Entered Level 1 of the Swamp
 43265 | Swamp:1  | Reached skill level 1 in Hexes
 43470 | Swamp:1  | Lost mutation: Your pliable body absorbs attacks. (AC +2,
                  | EV +2) [Jiyva's grace]
 43470 | Swamp:1  | Lost mutation: Your translucent skin slightly reduces your
                  | foes' accuracy. (Stealth+) [Jiyva's grace]
 43470 | Swamp:1  | Lost mutation: You have a small jelly attached to you that
                  | may absorb projectiles. [Jiyva's grace]
 43470 | Swamp:1  | Gained mutation: Your spells are a little harder to cast,
                  | but a little more powerful. [Jiyva's grace]
 43470 | Swamp:1  | Gained mutation: Your spells are harder to cast, but more
                  | powerful. [Jiyva's grace]
 43470 | Swamp:1  | Gained mutation: Your spells are much harder to cast, but
                  | much more powerful. [Jiyva's grace]
 43470 | Swamp:1  | Gained mutation: You have hidden genetic potential.
                  | [Jiyva's grace]
 44082 | Swamp:2  | Reached skill level 5 in Hexes
 44164 | Swamp:2  | Found a large runed translucent door.
 44166 | Swamp:2  | Found a large runed translucent door.
 44260 | Swamp:2  | Noticed xzight's ghost (adept MiBe)
 44273 | Swamp:2  | Killed xzight's ghost
 44276 | Swamp:2  | Identified the ring of Xom's Best Wishes {Will++ AC+4 Str-5
                  | Dex+3}
 44787 | Swamp:3  | Reached XP level 19. HP: 100/100 MP: 9/41
 44787 | Swamp:3  | Gained a life (2 lives remaining)
 45185 | Swamp:4  | Entered Level 4 of the Swamp
 45307 | Swamp:4  | Noticed the 27-headed Lernaean hydra
 45316 | Swamp:4  | Killed the 27-headed Lernaean hydra
 45357 | Swamp:4  | Got a decaying rune of Zot
 45940 | Elf:1    | Entered Level 1 of the Elven Halls
 45974 | Elf:1    | Lost mutation: You are agile. (Dex +4, Str/Int -1) [Jiyva's
                  | grace]
 45974 | Elf:1    | Lost mutation: Your spells are much harder to cast, but
                  | much more powerful. [Jiyva's grace]
 45974 | Elf:1    | Gained mutation: Your body has grown eyes which may confuse
                  | attackers. (Acc +3) [Jiyva's grace]
 45974 | Elf:1    | Gained mutation: Your body has grown many eyes which may
                  | confuse attackers. (Acc +5) [Jiyva's grace]
 45974 | Elf:1    | Gained mutation: Your body is covered in eyes which may
                  | confuse attackers. (Acc +7, SInv) [Jiyva's grace]
 45974 | Elf:1    | Gained mutation: You are robust. (+10% HP) [Jiyva's grace]
 46148 | Elf:1    | Noticed Norris
 46154 | Elf:1    | Killed Norris
 46206 | Elf:1    | Found Ron Gaegyx's Jewellery Shoppe.
 46212 | Elf:1    | Bought the amulet "Doghoth" {RegenMP Str+6} for 942 gold
                  | pieces
 46457 | Elf:1    | Got the Tempter's Volume of Forbidden Fruit
 46592 | Elf:1    | Identified the +7 long sword "Qidaodd" {heavy, rN+}
 47039 | Elf:2    | Found a runed translucent gate.
 47042 | Elf:2    | Found a runed translucent gate.
 47149 | Elf:2    | Gained mutation: You possess an exceptional clarity of
                  | mind. [hidden potential]
 47151 | Elf:2    | Learned a level 9 spell: Death's Door
 47211 | Elf:2    | Found Uditaume's Book Shoppe.
 47265 | Elf:2    | Found Yreakkea's Antique Armour Boutique.
 47265 | Elf:2    | Found Ihuguleuqi's Assorted Antiques.
 47285 | Elf:2    | Found Rocwosuipn's Weapon Shop.
 47362 | Elf:2    | Found Utongu's Antique Weapon Shop.
 47424 | Elf:2    | Found a runed translucent gate.
 47436 | Elf:2    | Slain by a deep elf blademaster
 47436 | Elf:2    | Lost a life (1 life remaining)
 47447 | Elf:2    | Learned a level 6 spell: Summon Cactus Giant
 47999 | Elf:3    | Entered Level 3 of the Elven Halls
 48120 | Elf:3    | Paralysed by an air elemental for 1 turns
 48131 | Elf:3    | Found Tumoth's Antique Armour Shoppe.
 48286 | Elf:3    | Identified the +5 halberd of Eternal War {spect, rF+ rCorr
                  | MP+9}
 48290 | Elf:3    | Reached XP level 20. HP: 116/116 MP: 16/42
 48628 | Elf:3    | Identified the +5 halberd of Eternal War {spect, rF+ rCorr
                  | MP+9}
 48684 | Elf:3    | Identified the +2 quarterstaff of Ymutihoc {freeze, +Blink
                  | Str+3 Int-2 SInv}
 48687 | Elf:3    | Identified the +5 flail "Diep" {holy, Str+2 SInv}
 48747 | Elf:3    | Identified the ring "Duten" {Wiz *Slow rF++ rCorr}
 48754 | Elf:3    | Lost mutation: You have a pair of large horns on your head.
                  | [Jiyva's grace]
 48754 | Elf:3    | Lost mutation: Your flesh is heat resistant. (rF+) [Jiyva's
                  | grace]
 48754 | Elf:3    | Gained mutation: Your spells are much harder to cast, but
                  | much more powerful. [Jiyva's grace]
 48754 | Elf:3    | Gained mutation: You are partially covered in iridescent
                  | scales. (AC +2) [Jiyva's grace]
 48754 | Elf:3    | Gained mutation: You are mostly covered in iridescent
                  | scales. (AC +4) [Jiyva's grace]
 48754 | Elf:3    | Gained mutation: You are completely covered in iridescent
                  | scales. (AC +6) [Jiyva's grace]
 48762 | Elf:3    | Identified the staff "Esulla" {rPois Will- Dex-3 SInv Hexes
                  | Alchemy}
 48787 | Elf:3    | Got the Lectures on Silt and Interference
 49336 | Vaults:1 | Entered Level 1 of the Vaults
 49351 | Vaults:1 | Killed dolemite99's ghost
 49644 | Vaults:1 | Found a runed translucent gate.
 49644 | Vaults:1 | Found a runed translucent gate.
 49644 | Vaults:1 | Found a runed translucent gate.
 49658 | Vaults:1 | Found a viscous altar of Jiyva.
 49772 | Vaults:1 | Reached skill level 10 in Evocations
 49913 | Vaults:1 | Gained mutation: You expend magic power (3 MP) to
                  | strengthen your wands. [hidden potential]
 49913 | Vaults:1 | Lost mutation: You have hidden genetic potential. [hidden
                  | potential expressed]
 50064 | Vaults:1 | You fall into a shaft and drop 1 floor!
 50238 | Vaults:2 | Found Nalolima's Armour Boutique.
 50646 | Vaults:2 | Noticed Zenata
 50830 | Vaults:2 | Killed Zenata
 51169 | Vaults:2 | Lost mutation: You have a pair of horns on your head.
                  | [Jiyva's grace]
 51169 | Vaults:2 | Lost mutation: You have a pair of small horns on your head.
                  | [Jiyva's grace]
 51169 | Vaults:2 | Lost mutation: You are completely covered in iridescent
                  | scales. (AC +6) [Jiyva's grace]
 51169 | Vaults:2 | Lost mutation: Your spells are much harder to cast, but
                  | much more powerful. [Jiyva's grace]
 51169 | Vaults:2 | Lost mutation: Your spells are harder to cast, but more
                  | powerful. [Jiyva's grace]
 51169 | Vaults:2 | Lost mutation: Your body is covered in eyes which may
                  | confuse attackers. (Acc +7, SInv) [Jiyva's grace]
 51169 | Vaults:2 | Lost mutation: Your rubbery body absorbs attacks. (AC +1,
                  | EV +1) [Jiyva's grace]
 51169 | Vaults:2 | Gained mutation: Your flesh is cold resistant. (rC+)
                  | [Jiyva's grace]
 51169 | Vaults:2 | Gained mutation: Your flesh is very cold resistant. (rC++)
                  | [Jiyva's grace]
 51169 | Vaults:2 | Gained mutation: Your flesh is almost immune to the effects
                  | of cold. (rC+++) [Jiyva's grace]
 51169 | Vaults:2 | Gained mutation: You have a small jelly attached to you
                  | that senses nearby items. [Jiyva's grace]
 51434 | Vaults:3 | Found Sikhydda's Distillery.
 51443 | Vaults:3 | Bought a potion of heal wounds for 65 gold pieces
 51443 | Vaults:3 | Bought a potion of haste for 130 gold pieces
 51684 | Vaults:3 | Reached XP level 21. HP: 122/122 MP: 29/43
 51854 | Vaults:3 | Found a staircase to the Crypt.
 51898 | Vaults:3 | Reached skill level 15 in Dodging
 51911 | Vaults:3 | Found Erowk's Magic Scroll Shoppe.
 51920 | Vaults:3 | Reached skill level 1 in Translocations
 51920 | Vaults:3 | Bought a scroll of fog for 56 gold pieces
 51920 | Vaults:3 | Bought a scroll of summoning for 133 gold pieces
 51920 | Vaults:3 | Bought a scroll of fog for 56 gold pieces
 51930 | Vaults:3 | Found Puul's Armour Emporium.
 51938 | Vaults:3 | Found Veorodur's Jewellery Boutique.
 52005 | Vaults:3 | Found Ycaef's Antique Weapon Emporium.
 52791 | Snake:2  | Bought Guanoir's Octavo of the Tesseract for 544 gold
                  | pieces
 53328 | Vaults:4 | Noticed Saint Roka
 53341 | Vaults:4 | Killed Saint Roka
 53807 | Vaults:4 | Learned a level 7 spell: Malign Gateway
 53836 | Vaults:4 | Found Reuzejoa's Jewellery Emporium.
 53965 | Vaults:4 | Reached skill level 5 in Translocations
 54341 | Crypt:1  | Entered Level 1 of the Crypt
 54341 | Crypt:1  | Noticed Grunn
 54360 | Crypt:1  | Killed Grunn
 54368 | Crypt:1  | Was placed under penance by Jiyva
 54384 | Crypt:1  | Reached skill level 10 in Translocations
 54854 | Crypt:1  | Was forgiven by Jiyva
 54901 | Crypt:1  | Identified the orb of the Pleiades {*channel, rElec rCorr
                  | Str-5 SInv}
 54901 | Crypt:1  | Noticed Frederick
 54918 | Crypt:1  | Killed Frederick
 54955 | Crypt:1  | Lost mutation: You are mostly covered in iridescent scales.
                  | (AC +4) [Jiyva's grace]
 54955 | Crypt:1  | Lost mutation: You possess an exceptional clarity of mind.
                  | [Jiyva's grace]
 54955 | Crypt:1  | Lost mutation: Your body has grown many eyes which may
                  | confuse attackers. (Acc +5) [Jiyva's grace]
 54955 | Crypt:1  | Gained mutation: Your mind is acute. (Int +4, Str/Dex -1)
                  | [Jiyva's grace]
 54955 | Crypt:1  | Gained mutation: Your mind is very acute. (Int +8, Str/Dex
                  | -2) [Jiyva's grace]
 54955 | Crypt:1  | Gained mutation: Your spells are harder to cast, but more
                  | powerful. [Jiyva's grace]
 54955 | Crypt:1  | Gained mutation: Your spells are much harder to cast, but
                  | much more powerful. [Jiyva's grace]
 55405 | Crypt:2  | Reached XP level 22. HP: 100/126 MP: 17/46
 55405 | Crypt:2  | Gained a life (2 lives remaining)
 55864 | Crypt:3  | Entered Level 3 of the Crypt
 55974 | Crypt:3  | Found a staircase to the Tomb.
 56115 | Crypt:3  | Noticed Bai Suzhen
 56122 | Crypt:3  | Killed Bai Suzhen
 56592 | Crypt:3  | Lost mutation: Your mind is very acute. (Int +8, Str/Dex
                  | -2) [Jiyva's grace]
 56592 | Crypt:3  | Lost mutation: Your flesh is almost immune to the effects
                  | of cold. (rC+++) [Jiyva's grace]
 56592 | Crypt:3  | Lost mutation: Your spells are much harder to cast, but
                  | much more powerful. [Jiyva's grace]
 56592 | Crypt:3  | Gained mutation: Armour fits poorly on your pseudopods.
                  | [Jiyva's grace]
 56592 | Crypt:3  | Gained mutation: Armour fits poorly on your large
                  | pseudopods. [Jiyva's grace]
 56592 | Crypt:3  | Gained mutation: Armour fits poorly on your massive
                  | pseudopods. [Jiyva's grace]
 56592 | Crypt:3  | Gained mutation: You possess an exceptional clarity of
                  | mind. [Jiyva's grace]
 56645 | Crypt:3  | Noticed a dread lich
 56647 | Crypt:3  | Found the crystal ball of Wucad Mu {*channel}
 56649 | Crypt:3  | Killed a dread lich
 56666 | Crypt:3  | Noticed Jory
 56693 | Crypt:3  | Killed Jory
 56894 | Crypt:3  | Identified the ring "Hogopp" {rN+ Will+}
 56894 | Crypt:3  | Identified the ring of Rulesu Aqae {rC+ rN+ Int+4}
 57348 | Depths:1 | Entered Level 1 of the Depths
 57637 | Elf:1    | Bought a ring of protection from fire for 475 gold pieces
 58520 | Depths:1 | Found a gateway to Hell.
 58741 | Depths:1 | Found a stormy altar of Qazlal.
 58839 | Depths:2 | Reached skill level 15 in Translocations
 58853 | Depths:2 | Noticed the Enchantress
 59130 | Depths:2 | Found a one-way gate to the infinite horrors of the Abyss.
 59156 | Depths:2 | Killed the Enchantress
 59266 | Depths:2 | Got the Handbook of the Puissant Faeries
 59350 | Depths:2 | Reached XP level 23. HP: 15/130 MP: 32/47
 59620 | Depths:2 | Reached XP level 24. HP: 136/136 MP: 47/47
 59805 | Depths:2 | Found a one-way gate leading to the halls of Pandemonium.
 59805 | Depths:2 | Lost mutation: Your mind is acute. (Int +4, Str/Dex -1)
                  | [Jiyva's grace]
 59805 | Depths:2 | Lost mutation: Your spells are harder to cast, but more
                  | powerful. [Jiyva's grace]
 59805 | Depths:2 | Lost mutation: Your spells are a little harder to cast, but
                  | a little more powerful. [Jiyva's grace]
 59805 | Depths:2 | Lost mutation: Armour fits poorly on your massive
                  | pseudopods. [Jiyva's grace]
 59805 | Depths:2 | Lost mutation: You have a small jelly attached to you that
                  | senses nearby items. [Jiyva's grace]
 59805 | Depths:2 | Gained mutation: Your rubbery body absorbs attacks. (AC +1,
                  | EV +1) [Jiyva's grace]
 59805 | Depths:2 | Gained mutation: Your pliable body absorbs attacks. (AC +2,
                  | EV +2) [Jiyva's grace]
 59805 | Depths:2 | Gained mutation: Your gelatinous body deflects attacks. (AC
                  | +3, EV +3) [Jiyva's grace]
 59805 | Depths:2 | Gained mutation: Your muscles are strong. (Str +4, Int/Dex
                  | -1) [Jiyva's grace]
 59897 | Depths:2 | Found Ditrizat's Book Shop.
 59918 | Depths:2 | Noticed Asterion
 59926 | Depths:2 | Killed Asterion
 61441 | Depths:3 | Found a basalt altar of Yredelemnul.
 61546 | Depths:3 | Identified the +7 dire flail of Patteanu {antimagic, +Blink
                  | rElec rPois Dex+3}
 61839 | Depths:3 | Identified the +9 plate armour of Red Freedom {rN++ Dex+3}
 61971 | Depths:3 | Noticed a juggernaut
 61982 | Depths:3 | Killed a juggernaut
 62346 | Depths:3 | Identified the +0 cloak of Rotation {Harm Dex+3}
 62346 | Depths:3 | Identified the amulet "Peim" {Acrobat +Blink Str+3 Int+2
                  | Dex-4}
 63098 | Depths:3 | Found a basalt altar of Yredelemnul.
 63695 | Depths:4 | Entered Level 4 of the Depths
 63804 | Depths:4 | Reached XP level 25. HP: 116/144 MP: 12/47
 63930 | Depths:4 | Found a one-way gateway to a ziggurat.
 63958 | Depths:4 | Reached skill level 15 in Summonings
 64014 | Depths:4 | Found a gate to the Realm of Zot.
 64465 | Zot:1    | Entered Level 1 of the Realm of Zot
 64492 | Zot:1    | Lost mutation: You are partially covered in iridescent
                  | scales. (AC +2) [Jiyva's grace]
 64492 | Zot:1    | Lost mutation: Your flesh is very cold resistant. (rC++)
                  | [Jiyva's grace]
 64492 | Zot:1    | Lost mutation: You are robust. (+10% HP) [Jiyva's grace]
 64492 | Zot:1    | Lost mutation: Your muscles are strong. (Str +4, Int/Dex
                  | -1) [Jiyva's grace]
 64492 | Zot:1    | Lost mutation: Your gelatinous body deflects attacks. (AC
                  | +3, EV +3) [Jiyva's grace]
 64492 | Zot:1    | Lost mutation: Your pliable body absorbs attacks. (AC +2,
                  | EV +2) [Jiyva's grace]
 64492 | Zot:1    | Lost mutation: Armour fits poorly on your large pseudopods.
                  | [Jiyva's grace]
 64492 | Zot:1    | Lost mutation: You expend magic power (3 MP) to strengthen
                  | your wands. [Jiyva's grace]
 64492 | Zot:1    | Gained mutation: Your muscles are strong. (Str +4, Int/Dex
                  | -1) [Jiyva's grace]
 64492 | Zot:1    | Gained mutation: Your muscles are very strong. (Str +8,
                  | Int/Dex -2) [Jiyva's grace]
 64492 | Zot:1    | Gained mutation: Armour fits poorly on your large
                  | pseudopods. [Jiyva's grace]
 64492 | Zot:1    | Gained mutation: Armour fits poorly on your massive
                  | pseudopods. [Jiyva's grace]
 64661 | Zot:1    | Found a transporter.
 64662 | Zot:1    | Found a transporter.
 64664 | Zot:1    | Found a transporter.
 64664 | Zot:1    | Found a transporter.
 65085 | Zot:2    | Acquired 558 gold pieces
 65087 | Zot:2    | Acquired the ring of Luem {rPois rF++ rC+ Str+3 Int-3}
 65408 | Zot:2    | Reached skill level 10 in Hexes
 66265 | Zot:2    | Lost mutation: Armour fits poorly on your massive
                  | pseudopods. [Jiyva's grace]
 66265 | Zot:2    | Gained mutation: You are somewhat resistant to further
                  | mutation. [Jiyva's grace]
 66265 | Zot:2    | Gained mutation: You are somewhat resistant to both further
                  | mutation and mutation removal. [Jiyva's grace]
 66265 | Zot:2    | Gained mutation: You are almost entirely resistant to
                  | further mutation and mutation removal. [Jiyva's grace]
 66265 | Zot:2    | Gained mutation: You have a pair of small antennae on your
                  | head. [Jiyva's grace]
 66740 | Zot:3    | Noticed a Killer Klown
 66746 | Zot:3    | Killed a Killer Klown
 66910 | Zot:3    | Reached skill level 15 in Fighting
 66910 | Zot:3    | Reached XP level 26. HP: 61/140 MP: 7/48
 66957 | Zot:3    | HP: 2/140 [shadow dragon (12)]
 67490 | Zot:4    | HP: 4/141 [wind drake/the air[a yellow draconian
                  | annihilator] (14)]
 67490 | Zot:4    | HP: 1/141 [white draconian stormcaller/blast of cold[a
                  | yellow draconian annihilator] (3)]
 68743 | Zot:5    | Entered Level 5 of the Realm of Zot
 68979 | Zot:5    | Noticed a dread lich
 68987 | Zot:5    | Noticed an orb of fire
 68989 | Zot:5    | Noticed an orb of fire
 69221 | Zot:5    | Noticed an orb of fire
 69310 | Zot:4    | Killed an orb of fire
 69692 | Zot:5    | Killed an orb of fire
 69695 | Zot:5    | Killed an orb of fire
 69817 | Zot:5    | Noticed an orb of fire
 69848 | Zot:5    | Killed an orb of fire
 69854 | Zot:5    | Killed from afar by an orb of fire
 69854 | Zot:5    | Lost a life (1 life remaining)
 69874 | Zot:5    | Killed an orb of fire
 69885 | Zot:5    | Killed a dread lich
 69968 | Zot:5    | Noticed an ancient lich
 69970 | Zot:5    | Noticed an ancient lich
 69974 | Zot:5    | Killed an ancient lich
 69980 | Zot:5    | Killed an ancient lich
 70035 | Zot:5    | Noticed an ancient lich
 70065 | Zot:5    | Killed an ancient lich
 70118 | Zot:5    | Noticed a dread lich
 70118 | Zot:5    | Noticed an orb of fire
 70137 | Zot:5    | Killed a dread lich
 70138 | Zot:5    | Reached XP level 27. HP: 13/147 MP: 14/48
 70138 | Zot:5    | Gained a life (2 lives remaining)
 70150 | Zot:5    | Killed an orb of fire
 70271 | Zot:5    | Lost mutation: You are almost entirely resistant to further
                  | mutation and mutation removal. [Jiyva's grace]
 70271 | Zot:5    | Lost mutation: Armour fits poorly on your large pseudopods.
                  | [Jiyva's grace]
 70271 | Zot:5    | Gained mutation: Your body has grown many eyes which may
                  | confuse attackers. (Acc +5) [Jiyva's grace]
 70271 | Zot:5    | Gained mutation: Your body is covered in eyes which may
                  | confuse attackers. (Acc +7, SInv) [Jiyva's grace]
 70271 | Zot:5    | Gained mutation: Your spells are a little harder to cast,
                  | but a little more powerful. [Jiyva's grace]
 70271 | Zot:5    | Gained mutation: Your spells are harder to cast, but more
                  | powerful. [Jiyva's grace]
 70991 | Tomb:1   | Entered Level 1 of the Tomb of the Ancients
 71145 | Tomb:1   | Noticed a royal mummy
 71150 | Tomb:1   | Killed a royal mummy
 71192 | Tomb:1   | Noticed a royal mummy
 71195 | Tomb:1   | Killed a royal mummy
 71215 | Tomb:1   | Gained mutation: Your magical capacity is low. (-10% MP)
                  | [mutagenic glow]
 71414 | Tomb:2   | Noticed a royal mummy
 71414 | Tomb:2   | Noticed a royal mummy
 71415 | Tomb:2   | Noticed a royal mummy
 71415 | Tomb:2   | Noticed a royal mummy
 71427 | Tomb:2   | Killed a royal mummy
 71433 | Tomb:2   | Killed a royal mummy
 71433 | Tomb:2   | Killed by a royal mummy's death curse
 71433 | Tomb:2   | Lost a life (1 life remaining)
 71464 | Tomb:2   | Killed a royal mummy
 71470 | Tomb:2   | Killed a royal mummy
 71516 | Tomb:2   | Learned a level 6 spell: Dispersal
 72495 | Tomb:1   | Noticed a royal mummy
 72496 | Tomb:1   | Noticed a royal mummy
 72499 | Tomb:1   | Killed a royal mummy
 72501 | Tomb:1   | Killed a royal mummy
 72524 | Tomb:1   | Noticed a royal mummy
 72527 | Tomb:1   | Noticed a royal mummy
 72535 | Tomb:1   | Killed a royal mummy
 72536 | Tomb:1   | Noticed a royal mummy
 72553 | Tomb:1   | Killed a royal mummy
 72559 | Tomb:1   | Killed a royal mummy
 72845 | Tomb:1   | Noticed a royal mummy
 72857 | Tomb:1   | Killed a royal mummy
 72933 | Tomb:1   | Noticed a royal mummy
 72941 | Tomb:1   | Killed a royal mummy
 73014 | Tomb:1   | Noticed a royal mummy
 73018 | Tomb:1   | Noticed a royal mummy
 73018 | Tomb:1   | Killed a royal mummy
 73026 | Tomb:1   | Killed a royal mummy
 73094 | Tomb:1   | Noticed a royal mummy
 73125 | Tomb:1   | Noticed a royal mummy
 73130 | Tomb:1   | Killed a royal mummy
 73152 | Tomb:1   | Killed a royal mummy
 73232 | Tomb:1   | Noticed a royal mummy
 73245 | Tomb:1   | Killed a royal mummy
 73467 | Tomb:1   | Noticed a royal mummy
 73471 | Tomb:1   | Noticed a royal mummy
 73477 | Tomb:1   | Killed a royal mummy
 73484 | Tomb:1   | Noticed a royal mummy
 73486 | Tomb:1   | Noticed a royal mummy
 73486 | Tomb:1   | Killed a royal mummy
 73492 | Tomb:1   | Killed a royal mummy
 73563 | Tomb:1   | Noticed a royal mummy
 73568 | Tomb:1   | Killed a royal mummy
 73576 | Tomb:1   | Killed a royal mummy
 73635 | Tomb:1   | Noticed a royal mummy
 73646 | Tomb:1   | Killed a royal mummy
 73653 | Tomb:1   | Noticed a royal mummy
 73666 | Tomb:1   | Killed a royal mummy
 73667 | Tomb:1   | Noticed a royal mummy
 73673 | Tomb:1   | Noticed a royal mummy
 73675 | Tomb:1   | Killed a royal mummy
 73680 | Tomb:1   | HP: 6/144 [royal mummy/divine providence (13)]
 73683 | Tomb:1   | Killed a royal mummy
 73890 | Tomb:1   | Noticed a royal mummy
 73899 | Tomb:1   | Killed a royal mummy
 73920 | Tomb:1   | Noticed a royal mummy
 73928 | Tomb:1   | Killed a royal mummy
 73985 | Tomb:1   | Noticed a royal mummy
 73990 | Tomb:1   | Noticed a royal mummy
 73993 | Tomb:1   | Killed a royal mummy
 73997 | Tomb:1   | Killed a royal mummy
 74022 | Tomb:1   | Identified the +2 pair of boots of Jigsaw {+Blink rN+ Str-2
                  | Slay+3}
 74023 | Tomb:1   | Noticed a royal mummy
 74029 | Tomb:1   | Killed a royal mummy
 74064 | Tomb:1   | Noticed a royal mummy
 74073 | Tomb:1   | Killed a royal mummy
 74196 | Tomb:2   | Gained a life (2 lives remaining)
 74643 | Tomb:3   | Entered Level 3 of the Tomb of the Ancients
 74655 | Tomb:3   | Noticed a royal mummy
 74666 | Tomb:3   | Noticed a royal mummy
 74669 | Tomb:3   | Noticed a royal mummy
 74759 | Tomb:3   | Noticed a royal mummy
 74759 | Tomb:3   | Noticed a royal mummy
 74760 | Tomb:3   | Killed a royal mummy
 74760 | Tomb:3   | Killed a royal mummy
 74764 | Tomb:3   | Killed a royal mummy
 74766 | Tomb:3   | Noticed a royal mummy
 74768 | Tomb:3   | Killed a royal mummy
 74768 | Tomb:3   | Killed a royal mummy
 74769 | Tomb:3   | Noticed a royal mummy
 74776 | Tomb:3   | Killed a royal mummy
 74777 | Tomb:3   | Noticed a royal mummy
 74777 | Tomb:3   | Noticed a royal mummy
 74780 | Tomb:3   | HP: 6/147 [emperor scorpion[a royal mummy] (7)]
 74780 | Tomb:3   | HP: 2/147 [emperor scorpion[a royal mummy] (4)]
 74780 | Tomb:3   | Annihilated by a mummy priest
 74780 | Tomb:3   | Lost a life (1 life remaining)
 74785 | Tomb:3   | Lost mutation: Your body is covered in eyes which may
                  | confuse attackers. (Acc +7, SInv) [Jiyva's grace]
 74785 | Tomb:3   | Lost mutation: Your body has grown many eyes which may
                  | confuse attackers. (Acc +5) [Jiyva's grace]
 74785 | Tomb:3   | Lost mutation: Armour fits poorly on your pseudopods.
                  | [Jiyva's grace]
 74785 | Tomb:3   | Gained mutation: A frigid envelope surrounds you and
                  | freezes all who hurt you. [Jiyva's grace]
 74785 | Tomb:3   | Gained mutation: Your pliable body absorbs attacks. (AC +2,
                  | EV +2) [Jiyva's grace]
 74785 | Tomb:3   | Gained mutation: Your gelatinous body deflects attacks. (AC
                  | +3, EV +3) [Jiyva's grace]
 74785 | Tomb:3   | Gained mutation: Your melee attacks may engulf your foes in
                  | ooze. [Jiyva's grace]
 74805 | Tomb:3   | Killed a royal mummy
 74812 | Tomb:3   | Killed a royal mummy
 74878 | Tomb:3   | Killed a royal mummy
 74934 | Tomb:3   | Identified the +4 arbalest of Zuplebri {drain, Str-3 Dex+4}
 75027 | Tomb:3   | Got a golden rune of Zot
 75686 | Zot:5    | Got the Orb of Zot
 75834 | Zot:2    | Learned a level 3 spell: Swiftness
 76054 | D:13     | Noticed Tevuynk the pandemonium lord
 76424 | D:$      | Escaped with the Orb!

Illustrated notes

Levels and vault maps discovered:
D:1:      mrwooster_arrival_statue_3, layout_basic, serial_shops,
          nicolae_shop_getting_attention, shop_coins, shop,
          nicolae_shop_back_alley_shop, kennysheep_small_spiral,
          minmay_misc_feat_iff, minmay_stone_trees_small
D:2:      layout_loops_ring, basic_altar, kennysheep_boxes, uniq_robin
D:3:      layout_loops_ring, serial_co_window_serial, co_window_corner_a,
          co_window_paths_a, co_window_corner_a, co_window_of_opportunity_a,
          co_window_of_opportunity_a, co_window_corner_a,
          co_window_of_opportunity_a, co_window_corner_ca, co_window_2corner,
          co_window_2corner, co_window_unsneaky_path_e, co_window_cross_3,
          co_window_4corner_b, co_window_paths_e, glass_columns_b,
          glass_columns_c, glass_columns_a
D:4:      layout_cave_pools, temple_hall, serial_shops, nicolae_shop_trees,
          wad_floor_pattern_untrapped
D:5:      layout_gridville, cheibriados_altar_1
D:6:      layout_cave_pools, serial_shops, nicolae_shop_advertising_works
          [nicolae_subvault_shop_adworks], uniq_blork_the_orc, uniq_duvessa,
          uniq_edmund
D:7:      layout_cave_pools, mainiacjoe_overflow_alcove_4, grunt_decor_fettered
D:8:      layout_loops_ring
D:9:      layout_roguey, chequers_temple_overflow_minitemple
D:10:     layout_basic, amcnicky_altar_gilded, dpeg_lair_monsters, erik_orc_1,
          hangedman_decor_riveting, palyth_stone_intersect,
          kennysheep_generic_room_7, uniq_sonja
D:11:     layout_roguey, nicolae_trove_entry_columns
D:12:     layout_long_grid, minivault_27, worms_lemuel
D:13:     layout_basic, trog_hazing_becter
D:14:     layout_loops_ring, lightli_vaults_fourway_checkpoint,
          minmay_misc_feat_roman, grunt_gozag_breadcrumbs, uniq_frances,
          uniq_kirke, uniq_roxanne, uniq_josephine, uniq_azrael
D:15:     vault_1, layout_rooms, serial_park_paths [serial_park_minivault_5x5_4]
Temple:   nicolae_temple_superstar
Lair:1:   wad_woods_stonehenge, layout_regular_city,
          hangedman_lair_unloving_vines
Lair:2:   dreamdust_cave_troll, layout_gridlike,
          minmay_snake_entry_guardpost_small, nicolae_quartered_pool_impasse,
          lemuel_fruit_tree
Lair:3:   layout_layer_cave, mainiacjoe_swamp_entry_lozenge_pond,
          enter_volcano_2, beast_lair_carwin_4
Lair:4:   gammafunk_mikee_crab_dinner, layout_loops_ring,
          nzn_masters_of_martial_movement, infiniplex_staircase_pool,
          serial_bayou_shore_a, uniq_rupert
Lair:5:   hangedman_lair_tendril_chambers, layout_cave_pods,
          dpeg_slime_entry_corner, portal_ice_cave_entry_pillars_2,
          infiniplex_staircase_pool_2
Swamp:1:  layout_basic_swamp, evilmike_swamp_ruin_house_6, swamp_pool_1_2,
          nicolae_swamp_wisp_ring_woods
Swamp:2:  layout_basic_swamp, ebering_ghost_disaster_area, serial_swamp_ruin,
          evilmike_swamp_ruin_house_1, hangedman_swamp_ruin_wall
Swamp:3:  nicolae_swamp_secret_spriggan_hideout, layout_basic_swamp,
          evilmike_swamp_ruin_house_4, swamp_pool_5, nicolae_swamp_tree_isthmus,
          nicolae_swamp_decorative_isthmus
Swamp:4:  swamp_alternative, layout_basic_swamp
Snake:1:  layout_layer_cave, nicolae_snake_the_dead_are_slithering, uniq_agnes,
          uniq_aizul
Snake:2:  layout_onion, serial_bayou_shore_b, minmay_shop_grove
Snake:3:  layout_gridlike, nicolae_snake_horde_hoard, grunt_megastairs_5,
          uniq_donald
Snake:4:  grunt_snake_rune_serpentine_throne, layout_cave_town, st_stairs_1,
          serial_library_regret_index_turning, uniq_vashnia
Slime:1:  layout_caves, special_room [special_room_jelly]
Slime:2:  layout_caves
Slime:3:  layout_caves
Slime:4:  layout_caves
Slime:5:  slime_pit
Orc:1:    layout_diamond_mine, basic_altar
Orc:2:    st_orc_rangers, layout_diamond_mine, mines3_lemuel
Elf:1:    elf_arrival_002, layout_geoelf_diagonals, serial_shops,
          nicolae_shop_stone, minmay_elf_crystal_hexagon, pf_eden, uniq_norris
Elf:2:    nicolae_elf_blades_splatter_lattice [mumra_blade_entry_bloodbath],
          layout_geoelf_octagon, serial_shops, nicolae_shop_stone,
          nicolae_shop_competitors_out_of_business, shop, shop, shop
Elf:3:    grunt_elf_hall_diamonds, layout_geoelf_diagonals, serial_shops,
          nicolae_shop_window_shopping
Vaults:1: gammafunk_ghost_ooze, nicolae_vaults_trapezoid_lopsided_4, v_misc_8,
          v_misc_27, v_pattern_2, nicolae_vaults_wrenched,
          ontoclasm_vaults_twist, nicolae_vaults_tetromino_Z_2,
          vaults_room_fours, v_misc_4, nicolae_vaults_tetromino_T_2,
          vaults_room_guarded_vault, nicolae_vaults_little_squares_3,
          layout_vaults_omnicross
Vaults:2: v_misc_26, hangedman_vaults_maws, ontoclasm_vaults_chip,
          nicolae_vaults_taking_the_gang_shopping,
          nicolae_vaults_little_squares_1, v_alt_pattern_1, grunt_vaults_funnel,
          nicolae_vaults_weapon_check, nicolae_vaults_tetromino_L_1, v_misc_22,
          layout_vaults_ring, uniq_zenata
Vaults:3: minmay_crypt_entry_simple_walls, v_misc_5, nicolae_vaults_theta,
          nicolae_vaults_tetromino_T_1, nicolae_vaults_big_ls,
          hangedman_vaults_hat, nicolae_vaults_little_squares_5,
          nicolae_vaults_tetromino_Z_1, nicolae_vaults_variable_pillar_hall,
          nicolae_vaults_theta, layout_vaults_omnibox, serial_shops, shop, shop,
          nicolae_shop_peninsula, nicolae_shop_gibbet_a_chance,
          nicolae_diamond_shop
Vaults:4: vaults_mumra_minichess_inversion, nicolae_vaults_turnstiles,
          nicolae_vaults_bisected_exclaves, nicolae_vaults_alarming,
          nicolae_vaults_little_squares_3, hangedman_vaults_cutoff,
          hangedman_vaults_restitches, nicolae_vaults_trapezoid_lopsided_1,
          ontoclasm_vaults_decontamination, layout_vaults_chaotic_city,
          serial_shops, nicolae_shop_statue_plus, uniq_saint_roka
Crypt:1:  layout_basic, uniq_frederick, uniq_grunn
Crypt:2:  layout_misc_corridors, serial_sigils_hangedman_gut
Crypt:3:  due_elkab, layout_chaotic_city, nicolae_tomb_entry_rubble_hallway,
          grunt_ministairs_14, uniq_bai_suzhen, uniq_jory
Tomb:1
Tomb:2
Tomb:3
Depths:1: layout_gridlike, hangedman_geh_valley, nicolae_qazlal_eye_of_the_storm
Depths:2: nicolae_hitomezashi [nicolae_hito_row, nicolae_hito_row,
          nicolae_hito_row, nicolae_hito_row, nicolae_hito_row,
          nicolae_hito_row, nicolae_hito_row, nicolae_hito_row,
          nicolae_hito_row, nicolae_hito_row, nicolae_hito_row,
          nicolae_hito_row, nicolae_hito_row, nicolae_hito_row,
          nicolae_hito_row, nicolae_hito_row, nicolae_hito_row,
          nicolae_hito_row], layout_basic, abyss_entry, rand_demon_pan_entry_7,
          serial_shops, kennysheep_mini, columned_hall_lemuel, lightli_too_deep,
          minmay_hollow_rounded_squares, uniq_asterion, uniq_enchantress
Depths:3: minmay_the_grid_ultimate [minmay_the_grid_prize_big_room,
          minmay_the_grid_prize_shrinking_boxes,
          minmay_the_grid_prize_trominoes, minmay_the_grid_prize_trominoes,
          minmay_the_grid_square_5x5_sharp_hourglass,
          minmay_the_grid_square_5x5_gyroscope,
          minmay_the_grid_square_5x5_fancy_junction,
          minmay_the_grid_square_5x5_meh, minmay_the_grid_square_5x5_v,
          minmay_the_grid_square_5x5_inner_v,
          minmay_the_grid_square_5x5_detours,
          minmay_the_grid_square_5x5_dogpile, minmay_the_grid_square_5x5_plus,
          minmay_the_grid_square_5x5_six_small,
          minmay_the_grid_square_5x5_n_small,
          minmay_the_grid_square_5x5_intrusive_squares,
          minmay_the_grid_square_5x5_shuriken, minmay_the_grid_square_5x5_forky,
          minmay_the_grid_square_5x5_minivault,
          minmay_the_grid_triangle_9x9_corruption,
          minmay_the_grid_triangle_9x9_zippers_horizontal,
          minmay_the_grid_triangle_9x9_sprig,
          minmay_the_grid_triangle_9x9_semitri,
          minmay_the_grid_triangle_9x9_checkered,
          minmay_the_grid_triangle_9x9_cache,
          minmay_the_grid_triangle_9x9_alien,
          minmay_the_grid_triangle_9x9_swiss_cheese,
          minmay_the_grid_triangle_9x9_wacky_v,
          minmay_the_grid_triangle_9x9_corrupted_corridor,
          minmay_the_grid_triangle_9x9_zippers_vertical,
          minmay_the_grid_triangle_9x9_steps,
          minmay_the_grid_triangle_9x9_flanged_cone,
          minmay_the_grid_triangle_9x9_descending_squares,
          minmay_the_grid_triangle_9x9_warning,
          minmay_the_grid_triangle_9x9_negative_grid,
          minmay_the_grid_square_5x5_tetrominoes, minmay_the_grid_octo_focus,
          minmay_the_grid_octo_chip, minmay_the_grid_octo_pinwheel,
          minmay_the_grid_octo_fan_narrow, minmay_the_grid_octo_teeth,
          minmay_the_grid_octo_tetromino_candy, minmay_the_grid_octo_clover,
          minmay_the_grid_octo_vomiting_pacman, minmay_the_grid_pillar_ring,
          minmay_the_grid_minigrid_large, minmay_the_grid_slots,
          minmay_the_grid_outer_circle], serial_shops, abyss_entry, hell_entry
Depths:4: grunt_crosshair, layout_basic, enter_ziggurat_c, abyss_entry,
          pan_entry, hell_entry, nrook_campfire
Zot:1:    grunt_twist_and_shout, layout_onion_interference,
          nicolae_diode_quadrants
Zot:2:    layout_onion_interference
Zot:3:    layout_gridlike, lemuel_golem_globe
Zot:4:    layout_basic, grunt_megastairs_3
Zot:5:    layout_twisted_circle

Skill      XL: |  1  2  3  4  5  6  7  8  9 10 11 12 13 14 15 16 17 18 19 20 21 22 23 24 25 26 27 |
---------------+----------------------------------------------------------------------------------+-----
Spellcasting   | 3 4 5 6 7 8 9 10 11 13 14 15 17 19 20 21 | 21.5
Summonings     | 5 6 7 8 9 10 11 12 13 14 16 20 26 | 26.0
Fire Magic     | 1 2 3 4 5 |  5.0
Air Magic      | 2 3 5 |  5.0
Fighting       | 1 3 5 7 8 10 11 12 13 15 16 | 16.0
Necromancy     | 3 5 7 9 12 16 19 21 23 24 25 26 | 26.9
Dodging        | 4 7 10 14 15 17 19 21 22 | 22.0
Evocations     | 2 5 7 10 12 | 12.0
Hexes          | 5 8 10 | 10.0
Translocations | 11 15 16 18 | 18.0
Stealth        | |  2.6

Action                     |  1- 3 |  4- 6 |  7- 9 | 10-12 | 13-15 | 16-18 | 19-21 | 22-24 | 25-27 || total
---------------------------+-------+-------+-------+-------+-------+-------+-------+-------+-------++-------
  Melee: Unarmed           |     1 |     2 |       |     8 |    48 |    24 |    56 |    20 |    40 ||   199
         Bite              |       |     1 |       |     1 |    10 |     1 |    12 |     7 |    10 ||    42
         Punch             |       |       |       |       |     1 |       |       |     1 |     1 ||     3
         Headbutt          |       |       |       |       |       |    15 |    11 |       |       ||    26
         Pseudopods        |       |       |       |       |       |       |       |     9 |     6 ||    15
   Cast: Summon Small Mamm |    54 |    23 |    35 |     6 |     2 |       |       |       |       ||   120
         Call Canine Famil |     5 |    30 |    53 |    77 |    70 |     5 |       |       |       ||   240
         Summon Blazeheart |       |       |     7 |    51 |    25 |       |       |       |       ||    83
         Summon Lightning  |       |       |    11 |    82 |   104 |    14 |       |       |       ||   211
         Martyr's Knell    |       |       |       |     2 |    16 |     4 |       |       |       ||    22
         Animate Dead      |       |       |       |       |    30 |    36 |     2 |       |       ||    68
         Death Channel     |       |       |       |       |    33 |    55 |    46 |     4 |     8 ||   146
         Haunt             |       |       |       |       |     6 |   121 |   133 |   133 |   373 ||   766
         Dispel Undead     |       |       |       |       |     6 |    72 |     1 |    63 |   149 ||   291
         Borgnjor's Vile C |       |       |       |       |     2 |   147 |    86 |    58 |   103 ||   396
         Infestation       |       |       |       |       |       |    68 |   200 |   183 |   211 ||   662
         Anguish           |       |       |       |       |       |    18 |    36 |    23 |    31 ||   108
         Summon Cactus Gia |       |       |       |       |       |       |     8 |     8 |    11 ||    27
         Death's Door      |       |       |       |       |       |       |     3 |     3 |    20 ||    26
         Malign Gateway    |       |       |       |       |       |       |       |     2 |    14 ||    16
 Invoke: Unearth Wretches  |       |       |       |       |    28 |       |       |       |       ||    28
         Receive Forbidden |       |       |       |       |     1 |       |       |       |       ||     1
  Evoke: Wand              |       |     1 |       |       |    11 |     1 |     1 |     6 |    19 ||    39
         Lightning rod     |       |       |       |       |     4 |     2 |     5 |     3 |     4 ||    18
         Sack of spiders   |       |       |       |       |       |       |     2 |       |     3 ||     5
         Phantom mirror    |       |       |       |       |       |       |     1 |       |     1 ||     2
         Condenser vane    |       |       |       |       |       |       |     1 |       |       ||     1
    Use: Scroll            |     2 |     9 |     3 |    11 |    12 |     4 |    12 |       |    17 ||    70
         Potion            |       |     1 |     1 |     1 |     6 |     2 |     4 |     1 |    17 ||    33
   Stab: Distracted        |       |       |       |       |     1 |       |     1 |       |     1 ||     3
         Paralysed         |       |       |       |       |     1 |       |       |       |       ||     1
         Confused          |       |       |       |       |       |       |     2 |       |       ||     2
 Armour: Skin              |     8 |    24 |    40 |    79 |   105 |   140 |   175 |   156 |   463 ||  1190
  Dodge: Dodged            |    26 |    41 |    73 |   148 |   269 |   311 |   306 |   274 |  1125 ||  2573
  Block: Other             |       |       |       |       |       |    14 |     2 |       |       ||    16
         Reflection        |       |       |       |       |       |     1 |     1 |       |       ||     2
